Workbook

Sheet VIGENCIA ACTUAL 
A5: INFORME DE EJECUCION PRESUPUESTAL
B8: SECCION: | D8: 4301
B9: UNIDAD EJECUTORA: | D9: 430101
B10: AÑO FISCAL: | D10: 2025
B11: PERIODO: | D11: Octubre | K11: =+K12-K15 -> 0 | P11: =P15-P12 -> 0 | R11: =R15-R12 -> 0 | S11: =S15-S12 -> 0 | T11: =T15-T12 -> 0 | U11: =U15-U12 -> 0 | V11: =V15-V12 -> 0
K12: =+[1]REP_EPG034_EjecucionPresupuesta!$Q$20 -> 464365817578 | P12: =+[1]REP_EPG034_EjecucionPresupuesta!$T$20 -> 467600696578 | R12: =+[1]REP_EPG034_EjecucionPresupuesta!$V$20 -> 4.2298762e+11 | S12: =+[1]REP_EPG034_EjecucionPresupuesta!$X$20 -> 3.5304122e+11 | T12: =+[1]REP_EPG034_EjecucionPresupuesta!$Y$20 -> 2.3087623e+11 | U12: =+[1]REP_EPG034_EjecucionPresupuesta!$Z$20 -> 2.3087623e+11 | V12: =+[1]REP_EPG034_EjecucionPresupuesta!$AA$20 -> 2.3087623e+11
A13: IDENTIFICACIÓN PRESUPUESTAL | J13: NOMBRE DEL RUBRO | K13: APROPIACIÓN INICIAL | L13: TRASLADOS | N13: REDUCCIÓN | O13: ADICIÓN | P13: APROPIACIÓN VIGENTE | Q13: APROPIACIÓN BLOQUEADA . PREVIO CONCEPTO | R13: CDP ACUMULADOS | S13: COMPROMISO ACUMULADOS | T13: OBLIGACIÓN ACUMULADOS | U13: ORDEN PAGO ACUMULADOS | V13: PAGOS ACUMULADOS | W13: % EJECUCIÓN COMPROMISOS | X13: % EJECUCIÓN OBLGACIONES
A14: Tipo Presupuesto | B14: Cuenta / Programa | C14: Subcuenta / Subprograma | D14: Objeto / Proyecto | E14: Ordinal / Subproy | F14: SubOrdinal / Producto | G14: Rec | H14: FUENTE | I14: Situación | L14: CONTRACRÉDITO | M14: CRÉDITO
A15: A+B+C | J15: TOTAL PRESUPUESTO | K15: =K16+K71 -> 464365817578 | L15: =L16+L71 -> 2.8073923e+10 | M15: =M16+M71 -> 2.8073923e+10 | N15: =N16+N71 -> 0 | O15: =O16+O71 -> 3234879000 | P15: =P16+P71 -> 467600696578 | Q15: =Q16+Q71 -> 18000000000 | R15: =R16+R71 -> 4.2298762e+11 | ... V15: =V16+V71 -> 2.3087623e+11 | W15: =S15/P15 -> 0.75500576 | X15: =T15/P15 -> 0.49374655
A16: A | J16: A- FUNCIONAMIENTO | K16: =K17+K38+K53+K64 -> 64365817578 | L16: =L17+L38+L53+L64 -> 4.4636629e+08 | M16: =M17+M38+M53+M64 -> 4.4636629e+08 | N16: =N17+N38+N53+N64 -> 0 | O16: =O17+O38+O53+O64 -> 3234879000 | P16: =P17+P38+P53+P64 -> 67600696578 | Q16: =Q17+Q38+Q53+Q64 -> 18000000000 | R16: =R17+R38+R53+R64 -> 4.5259917e+10 | ... V16: =V17+V38+V53+V64 -> 3.3225629e+10 | W16: =S16/P16 -> 0.53601668 | X16: =T16/P16 -> 0.49149833
A17: A | B17: 01 | J17: GASTOS DE PERSONAL | K17: =SUM(K18) -> 25638308166 | L17: =SUM(L18) -> 0 | M17: =SUM(M18) -> 0 | N17: =SUM(N18) -> 0 | O17: =+O19+O21+O31 -> 3234879000 | P17: =SUM(P18) -> 28873187166 | Q17: =SUM(Q18) -> 0 | R17: =SUM(R18) -> 25638308166 | S17: =SUM(S18) -> 20441300682 | T17: =SUM(T18) -> 20441300682 | U17: =SUM(U18) -> 20441300682 | V17: =SUM(V18) -> 20441300682 | W17: =S17/P17 -> 0.70796828 | X17: =T17/P17 -> 0.70796828
A18: A | B18: 01 | C18: 01 | J18: PLANTA DE PERSONAL PERMANENTE | K18: =K19+K21+K31 -> 25638308166 | N18: =N19+N21+N31 -> 0 | P18: =P19+P21+P31 -> 28873187166 | Q18: =Q19+Q21+Q31 -> 0 | R18: =R19+R21+R31 -> 25638308166 | S18: =S19+S21+S31 -> 20441300682 | T18: =T19+T21+T31 -> 20441300682 | U18: =U19+U21+U31 -> 20441300682 | V18: =V19+V21+V31 -> 20441300682 | W18: =S18/P18 -> 0.70796828 | X18: =T18/P18 -> 0.70796828
A19: A | B19: 01 | C19: 01 | D19: 01 | J19: SALARIO | K19: =K20 -> 17194812437 | M19: =M20 -> 0 | N19: =N20 -> 0 | O19: 1780188000 | P19: =K19-L19+M19-N19+O19 -> 18975000437 | Q19: =Q20 -> 0 | R19: =R20 -> 17194812437 | S19: =S20 -> 13331314849 | T19: =T20 -> 13331314849 | U19: =U20 -> 13331314849 | V19: =V20 -> 13331314849 | W19: =S19/P19 -> 0.70257257 | X19: =T19/P19 -> 0.70257257
A20: A | B20: 01 | C20: 01 | D20: 01 | E20: 001 | G20: 10 | H20: Nación | I20: CSF | J20: FACTORES SALARIALES COMUNES | K20: 17194812437 | O20: 0 | P20: =K20-L20+M20-N20+O20 -> 17194812437 | R20: 17194812437 | S20: 13331314849 | T20: 13331314849 | U20: 13331314849 | V20: 13331314849 | W20: =S20/P20 -> 0.77531028 | X20: =T20/P20 -> 0.77531028
A21: A | B21: 01 | C21: 01 | D21: 02 | J21: CONTRIBUCIONES INHERENTES A LA NÓMINA | K21: =SUM(K22:K30) -> 6086624289 | L21: =SUM(L22:L30) -> 0 | M21: =SUM(M22:M30) -> 0 | N21: =SUM(N22:N30) -> 0 | O21: 857641000 | P21: =K21-L21+M21-N21+O21 -> 6944265289 | Q21: =SUM(Q22:Q30) -> 0 | R21: =SUM(R22:R30) -> 6086624289 | S21: =SUM(S22:S30) -> 5317459613 | T21: =SUM(T22:T30) -> 5317459613 | U21: =SUM(U22:U30) -> 5317459613 | V21: =SUM(V22:V30) -> 5317459613 | W21: =S21/P21 -> 0.76573394 | X21: =T21/P21 -> 0.76573394
A22: A | B22: 01 | C22: 01 | D22: 02 | E22: 001 | G22: 10 | H22: Nación | I22: CSF | J22: APORTES A LA SEGURIDAD SOCIAL EN PENSIONES | K22: 1800000000 | P22: =K22-L22+M22-N22+O22 -> 1800000000 | R22: 1800000000 | S22: 1568005400 | T22: 1568005400 | U22: 1568005400 | V22: 1568005400 | W22: =S22/P22 -> 0.87111411 | X22: =T22/P22 -> 0.87111411
A23: A | B23: 01 | C23: 01 | D23: 02 | E23: 002 | G23: 10 | H23: Nación | I23: CSF | J23: APORTES A LA SEGURIDAD SOCIAL EN SALUD | K23: 1330000000 | P23: =K23-L23+M23-N23+O23 -> 1330000000 | R23: 1330000000 | S23: 1109096308 | T23: 1109096308 | U23: 1109096308 | V23: 1109096308 | W23: =S23/P23 -> 0.833907 | X23: =T23/P23 -> 0.833907
A24: A | B24: 01 | C24: 01 | D24: 02 | E24: 003 | G24: 10 | H24: Nación | I24: CSF | J24: AUXILIO DE CESANTÍAS | K24: 1360624289 | P24: =K24-L24+M24-N24+O24 -> 1360624289 | R24: 1360624289 | S24: 1286769805 | T24: 1286769805 | U24: 1286769805 | V24: 1286769805 | W24: =S24/P24 -> 0.94572015 | X24: =T24/P24 -> 0.94572015
A25: A | B25: 01 | C25: 01 | D25: 02 | E25: 004 | G25: 10 | H25: Nación | I25: CSF | J25: APORTES A CAJAS DE COMPENSACIÓN FAMILIAR | K25: 670000000 | P25: =K25-L25+M25-N25+O25 -> 670000000 | R25: 670000000 | S25: 565702500 | T25: 565702500 | U25: 565702500 | V25: 565702500 | W25: =S25/P25 -> 0.84433209 | X25: =T25/P25 -> 0.84433209
A26: A | B26: 01 | C26: 01 | D26: 02 | E26: 005 | G26: 10 | H26: Nación | I26: CSF | J26: APORTES GENERALES AL SISTEMA DE RIESGOS LABORALES | K26: 96000000 | P26: =K26-L26+M26-N26+O26 -> 96000000 | R26: 96000000 | S26: 80487700 | T26: 80487700 | U26: 80487700 | V26: 80487700 | W26: =S26/P26 -> 0.83841354 | X26: =T26/P26 -> 0.83841354
A27: A | B27: 01 | C27: 01 | D27: 02 | E27: 006 | G27: 10 | H27: Nación | I27: CSF | J27: APORTES AL ICBF | K27: 490000000 | P27: =K27-L27+M27-N27+O27 -> 490000000 | R27: 490000000 | S27: 424303900 | T27: 424303900 | U27: 424303900 | V27: 424303900 | W27: =S27/P27 -> 0.86592633 | X27: =T27/P27 -> 0.86592633
A28: A | B28: 01 | C28: 01 | D28: 02 | E28: 007 | G28: 10 | H28: Nación | I28: CSF | J28: APORTES AL SENA | K28: 90000000 | P28: =K28-L28+M28-N28+O28 -> 90000000 | R28: 90000000 | S28: 70798700 | T28: 70798700 | U28: 70798700 | V28: 70798700 | W28: =S28/P28 -> 0.78665222 | X28: =T28/P28 -> 0.78665222
A29: A | B29: 01 | C29: 01 | D29: 02 | E29: 008 | G29: 10 | H29: Nación | I29: CSF | J29: APORTES A LA ESAP | K29: 90000000 | P29: =K29-L29+M29-N29+O29 -> 90000000 | R29: 90000000 | S29: 70798700 | T29: 70798700 | U29: 70798700 | V29: 70798700 | W29: =S29/P29 -> 0.78665222 | X29: =T29/P29 -> 0.78665222
A30: A | B30: 01 | C30: 01 | D30: 02 | E30: 009 | G30: 10 | H30: Nación | I30: CSF | J30: APORTES A ESCUELAS INDUSTRIALES E INSTITUTOS TÉCNICOS | K30: 160000000 | P30: =K30-L30+M30-N30+O30 -> 160000000 | R30: 160000000 | S30: 141496600 | T30: 141496600 | U30: 141496600 | V30: 141496600 | W30: =S30/P30 -> 0.88435375 | X30: =T30/P30 -> 0.88435375
A31: A | B31: 01 | C31: 01 | D31: 03 | J31: REMUNERACIONES NO CONSTITUTIVAS DE FACTOR SALARIAL | K31: =SUM(K32:K37) -> 2356871440 | L31: =SUM(L32:L37) -> 0 | M31: =SUM(M32:M37) -> 0 | N31: =SUM(N32:N37) -> 0 | O31: 597050000 | P31: =K31-L31+M31-N31+O31 -> 2953921440 | Q31: =SUM(Q32:Q37) -> 0 | R31: =SUM(R32:R37) -> 2356871440 | S31: =SUM(S32:S37) -> 1792526220 | T31: =SUM(T32:T37) -> 1792526220 | U31: =SUM(U32:U37) -> 1792526220 | V31: =SUM(V32:V37) -> 1792526220 | W31: =S31/P31 -> 0.60682935 | X31: =T31/P31 -> 0.60682935
A32: A | B32: 01 | C32: 01 | D32: 03 | E32: 001 | G32: 10 | H32: Nación | I32: CSF | J32: PRESTACIONES SOCIALES SEGÚN DEFINICIÓN LEGAL | K32: 1088871440 | P32: =K32-L32+M32-N32+O32 -> 1088871440 | R32: 1088871440 | S32: 818365300 | T32: 818365300 | U32: 818365300 | V32: 818365300 | W32: =S32/P32 -> 0.75157201 | X32: =T32/P32 -> 0.75157201
A33: A | B33: 01 | C33: 01 | D33: 03 | E33: 002 | G33: 10 | H33: Nación | I33: CSF | J33: PRIMA TÉCNICA NO SALARIAL | K33: 255000000 | P33: =K33-L33+M33-N33+O33 -> 255000000 | R33: 255000000 | S33: 237957501 | T33: 237957501 | U33: 237957501 | V33: 237957501 | W33: =S33/P33 -> 0.93316667 | X33: =T33/P33 -> 0.93316667
A34: A | B34: 01 | C34: 01 | D34: 03 | E34: 005 | G34: 10 | H34: Nación | I34: CSF | J34: PRIMA DE RIESGO | K34: 13000000 | P34: =K34-L34+M34-N34+O34 -> 13000000 | R34: 13000000 | S34: 10289218 | T34: 10289218 | U34: 10289218 | V34: 10289218 | W34: =S34/P34 -> 0.79147831 | X34: =T34/P34 -> 0.79147831
A35: A | B35: 01 | C35: 01 | D35: 03 | E35: 007 | G35: 10 | H35: Nación | I35: CSF | J35: PRIMA DE DIRECCIÓN | K35: 80000000 | P35: =K35-L35+M35-N35+O35 -> 80000000 | R35: 80000000 | S35: 69017360 | T35: 69017360 | U35: 69017360 | V35: 69017360 | W35: =S35/P35 -> 0.862717 | X35: =T35/P35 -> 0.862717
A36: A | B36: 01 | C36: 01 | D36: 03 | E36: 016 | G36: 10 | H36: Nación | I36: CSF | J36: PRIMA DE COORDINACIÓN | K36: 450000000 | P36: =K36-L36+M36-N36+O36 -> 450000000 | R36: 450000000 | S36: 412956242 | T36: 412956242 | U36: 412956242 | V36: 412956242 | W36: =S36/P36 -> 0.91768054 | X36: =T36/P36 -> 0.91768054
A37: A | B37: 01 | C37: 01 | D37: 03 | E37: 030 | G37: 10 | H37: Nación | I37: CSF | J37: BONIFICACIÓN DE DIRECCIÓN | K37: 470000000 | P37: =K37-L37+M37-N37+O37 -> 470000000 | R37: 470000000 | S37: 243940599 | T37: 243940599 | U37: 243940599 | V37: 243940599 | W37: =S37/P37 -> 0.51902255 | X37: =T37/P37 -> 0.51902255
A38: A | B38: 02 | J38: ADQUISICIÓN DE BIENES Y SERVICIOS | K38: =K39+K41 -> 7967841118 | L38: =L41 -> 4.4636629e+08 | M38: =M41 -> 4.4636629e+08 | N38: =N41 -> 0 | O38: =O41 -> 0 | P38: =P39+P41 -> 7967841118 | Q38: =Q39+Q41 -> 0 | R38: =R39+R41 -> 7.9581316e+09 | S38: =S39+S41 -> 7.0209591e+09 | T38: =T39+T41 -> 4.2963907e+09 | U38: =U39+U41 -> 4.2963907e+09 | V38: =V39+V41 -> 4.2963907e+09 | W38: =S38/P38 -> 0.88116203 | X38: =T38/P38 -> 0.53921642
A39: A | B39: 02 | C39: 01 | D39: 01 | J39: ACTIVOS FIJOS | K39: =K40 -> 3000000 | P39: =P40 -> 3000000 | R39: =R40 -> 1484620 | S39: =S40 -> 1484620 | T39: =T40 -> 1484620 | U39: =U40 -> 1484620 | V39: =V40 -> 1484620 | W39: =S39/P39 -> 0.49487333 | X39: =T39/P39 -> 0.49487333
A40: A | B40: 02 | C40: 01 | D40: 01 | E40: 004 | G40: 10 | H40: Nación | I40: CSF | J40: MAQUINARIA Y EQUIPO | K40: 3000000 | P40: =K40-L40+M40-N40+O40 -> 3000000 | R40: 1484620 | S40: 1484620 | T40: 1484620 | U40: 1484620 | V40: 1484620 | W40: =S40/P40 -> 0.49487333 | X40: =T40/P40 -> 0.49487333
A41: A | B41: 02 | C41: 02 | J41: ADQUISICIONES DIFERENTES DE ACTIVOS | K41: =K42+K47 -> 7964841118 | L41: =L42+L47 -> 4.4636629e+08 | M41: =M42+M47 -> 4.4636629e+08 | N41: =N42+N47 -> 0 | O41: =O42+O47 -> 0 | P41: =K41-L41+M41-N41+O41 -> 7964841118 | Q41: =Q42+Q47 -> 0 | R41: =R42+R47 -> 7.956647e+09 | S41: =S42+S47 -> 7.0194744e+09 | T41: =T42+T47 -> 4.2949061e+09 | U41: =U42+U47 -> 4.2949061e+09 | V41: =V42+V47 -> 4.2949061e+09 | W41: =S41/P41 -> 0.88130753 | X41: =T41/P41 -> 0.53923312
A42: A | B42: 02 | C42: 02 | D42: 01 | J42: MATERIALES Y SUMINISTROS | K42: =SUM(K43:K46) -> 81700000 | L42: =SUM(L43:L46) -> 32061607 | M42: =SUM(M43:M46) -> 74700000 | N42: =SUM(N43:N46) -> 0 | O42: =SUM(O43:O46) -> 0 | P42: =SUM(P43:P46) -> 124338393 | Q42: =SUM(Q43:Q46) -> 0 | R42: =SUM(R43:R46) -> 1.2101226e+08 | ... V42: =SUM(V43:V46) -> 19957574 | W42: =S42/P42 -> 0.55824829 | X42: =T42/P42 -> 0.16051015
A43: A | B43: 02 | C43: 02 | D43: 01 | E43: 001 | G43: 10 | H43: Nación | I43: CSF | J43: MINERALES; ELECTRICIDAD, GAS Y AGUA | K43: 1000000 | P43: =K43-L43+M43-N43+O43 -> 1000000 | R43: 500000 | S43: 500000 | T43: 500000 | U43: 500000 | V43: 500000 | W43: =S43/P43 -> 0.5 | X43: =T43/P43 -> 0.5
A44: A | B44: 02 | C44: 02 | D44: 01 | E44: 002 | G44: 10 | H44: Nación | I44: CSF | J44: PRODUCTOS ALIMENTICIOS, BEBIDAS Y TABACO; TEXTILES, PRENDAS DE VESTIR Y PRODUCTOS DE CUERO | K44: 17000000 | L44: 5000000 | P44: =K44-L44+M44-N44+O44 -> 12000000 | R44: 11760000 | S44: 11760000 | T44: 0 | U44: 0 | V44: 0 | W44: =S44/P44 -> 0.98 | X44: =T44/P44 -> 0
A45: A | B45: 02 | C45: 02 | D45: 01 | E45: 003 | G45: 10 | H45: Nación | I45: CSF | J45: OTROS BIENES TRANSPORTABLES (EXCEPTO PRODUCTOS METÁLICOS, MAQUINARIA Y EQUIPO) | K45: 60700000 | L45: =13200000+800000+3371667 -> 17371667 | M45: 59250000 | P45: =K45-L45+M45-N45+O45 -> 102578333 | R45: 1.007527e+08 | S45: 49152135 | T45: 16313214 | U45: 16313214 | V45: 16313214 | W45: =S45/P45 -> 0.47916684 | X45: =T45/P45 -> 0.15903177
A46: A | B46: 02 | C46: 02 | D46: 01 | E46: 004 | G46: 10 | H46: Nación | I46: CSF | J46: PRODUCTOS METÁLICOS Y PAQUETES DE SOFTWARE | K46: 3000000 | L46: 9689940 | M46: 15450000 | P46: =K46-L46+M46-N46+O46 -> 8760060 | R46: 7999560 | S46: 7999560 | T46: 3144360 | U46: 3144360 | V46: 3144360 | W46: =S46/P46 -> 0.91318553 | X46: =T46/P46 -> 0.35894275
A47: A | B47: 02 | C47: 02 | D47: 02 | J47: ADQUISICIÓN DE SERVICIOS | K47: =SUM(K48:K52) -> 7883141118 | L47: =SUM(L48:L52) -> 4.1430468e+08 | M47: =SUM(M48:M52) -> 3.7166629e+08 | N47: =SUM(N48:N52) -> 0 | O47: =SUM(O48:O52) -> 0 | P47: =SUM(P48:P52) -> 7840502725 | Q47: =SUM(Q48:Q52) -> 0 | R47: =SUM(R48:R52) -> 7.8356347e+09 | ... V47: =SUM(V48:V52) -> 4.2749485e+09 | W47: =S47/P47 -> 0.88643075 | X47: =T47/P47 -> 0.54523909
A48: A | B48: 02 | C48: 02 | D48: 02 | E48: 006 | G48: 10 | H48: Nación | I48: CSF | J48: COMERCIO Y DISTRIBUCIÓN; ALOJAMIENTO; SERVICIOS DE SUMINISTRO DE COMIDAS Y BEBIDAS; SERVICIOS DE TRANSPORTE; Y SERVICIOS DE DISTRIBUCIÓN DE ELECTRICIDAD, GAS Y AGUA | K48: 914270000 | L48: 48000000 | M48: =800000+185875214.69 -> 1.8667521e+08 | P48: =K48-L48+M48-N48+O48 -> 1.0529452e+09 | R48: 1048078214 | S48: 5.6895423e+08 | T48: 5.0424197e+08 | U48: 5.0424197e+08 | V48: 5.0424197e+08 | W48: =S48/P48 -> 0.54034552 | X48: =T48/P48 -> 0.47888718
A49: A | B49: 02 | C49: 02 | D49: 02 | E49: 007 | G49: 10 | H49: Nación | I49: CSF | J49: SERVICIOS FINANCIEROS Y SERVICIOS CONEXOS, SERVICIOS INMOBILIARIOS Y SERVICIOS DE LEASING | K49: 665932222 | M49: =500000+150000+59492506 -> 60142506 | P49: =K49-L49+M49-N49+O49 -> 726074728 | R49: 726074728 | S49: 704144722 | T49: 1125000 | U49: 1125000 | V49: 1125000 | W49: =S49/P49 -> 0.96979649 | X49: =T49/P49 -> 0.0015494273
A50: A | B50: 02 | C50: 02 | D50: 02 | E50: 008 | G50: 10 | H50: Nación | I50: CSF | J50: SERVICIOS PRESTADOS A LAS EMPRESAS Y SERVICIOS DE PRODUCCIÓN. | K50: 4846938896 | L50: =47800000+15950000+500000+50000000+9000000+150000+185875214.69+4000000+25070543+7226900 -> 3.4557266e+08 | M50: =27800000+250000+8797567+2601000+13200000 -> 52648567 | P50: =K50-L50+M50-N50+O50 -> 4.5540148e+09 | R50: 4.5540138e+09 | S50: 4.3175714e+09 | T50: 3.3112422e+09 | U50: 3.3112422e+09 | V50: 3.3112422e+09 | W50: =S50/P50 -> 0.94808023 | X50: =T50/P50 -> 0.72710396
A51: A | B51: 02 | C51: 02 | D51: 02 | E51: 009 | G51: 10 | H51: Nación | I51: CSF | J51: SERVICIOS PARA LA COMUNIDAD, SOCIALES Y PERSONALES | K51: 1336000000 | L51: 20732023 | M51: =24200000+48000000 -> 72200000 | P51: =K51-L51+M51-N51+O51 -> 1387467977 | R51: 1387467977 | S51: 1.2643008e+09 | T51: 3.8348292e+08 | U51: 3.8348292e+08 | V51: 3.8348292e+08 | W51: =S51/P51 -> 0.91122879 | X51: =T51/P51 -> 0.27639047
A52: A | B52: 02 | C52: 02 | D52: 02 | E52: 010 | G52: 10 | H52: Nación | I52: CSF | J52: VIÁTICOS DE LOS FUNCIONARIOS EN COMISIÓN | K52: 120000000 | P52: =K52-L52+M52-N52+O52 -> 120000000 | R52: 120000000 | S52: 95091626 | T52: 74856462 | U52: 74856462 | V52: 74856462 | W52: =S52/P52 -> 0.79243022 | X52: =T52/P52 -> 0.62380385
A53: A | B53: 03 | J53: TRANSFERENCIAS CORRIENTES | K53: =K54+K57+K62 -> 28745862367 | L53: =L54+L57+L62 -> 0 | M53: =M54+M57+M62 -> 0 | N53: =N54+N57+N62 -> 0 | O53: =O54+O57+O62 -> 0 | P53: =P54+P57+P62 -> 28745862367 | Q53: =Q54+Q57+Q62 -> 18000000000 | R53: =R54+R57+R62 -> 10745862367 | ... V53: =V54+V57+V62 -> 8.4861901e+09 | W53: =S53/P53 -> 0.30512543 | X53: =T53/P53 -> 0.29521432
A54: A | B54: 03 | C54: 03 | J54: A ENTIDADES DEL GOBIERNO | K54: =K55 -> 26947653333 | L54: =L55 -> 0 | M54: =M55 -> 0 | N54: =N55 -> 0 | O54: =O55 -> 0 | P54: =P55 -> 26947653333 | Q54: =Q55 -> 18000000000 | R54: =R55 -> 8947653333 | ... V54: =V55 -> 7456377772 | W54: =S54/P54 -> 0.27669859 | X54: =T54/P54 -> 0.27669859
A55: A | B55: 03 | C55: 03 | D55: 04 | J55: A OTRAS ENTIDADES DEL GOBIERNO GENERAL | K55: =SUM(K56) -> 26947653333 | L55: =SUM(L56) -> 0 | M55: =SUM(M56) -> 0 | N55: =SUM(N56) -> 0 | O55: =SUM(O56) -> 0 | P55: =SUM(P56) -> 26947653333 | Q55: =SUM(Q56) -> 18000000000 | R55: =SUM(R56) -> 8947653333 | ... V55: =SUM(V56) -> 7456377772 | W55: =S55/P55 -> 0.27669859 | X55: =T55/P55 -> 0.27669859
A56: A | B56: 03 | C56: 03 | D56: 04 | E56: 048 | G56: 10 | H56: Nación | I56: CSF | J56: ESCUELA NACIONAL DEL DEPORTE - ART. 51 DECRETO 2845 DE 1984 | K56: 26947653333 | P56: =K56-L56+M56-N56+O56 -> 26947653333 | Q56: 18000000000 | R56: 8947653333 | S56: 7456377772 | T56: 7456377772 | U56: 7456377772 | V56: 7456377772 | W56: =S56/P56 -> 0.27669859 | X56: =T56/P56 -> 0.27669859
A57: A | B57: 03 | C57: 04 | J57: PRESTACIONES SOCIALES | K57: =K58 -> 1756209034 | L57: =L58 -> 0 | M57: =M58 -> 0 | N57: =N58 -> 0 | O57: =O58 -> 0 | P57: =P58 -> 1756209034 | Q57: =Q58 -> 0 | R57: =R58 -> 1756209034 | ... V57: =V58 -> 1.0298124e+09 | W57: =S57/P57 -> 0.74861014 | X57: =T57/P57 -> 0.5863837
A58: A | B58: 03 | C58: 04 | D58: 02 | J58: PRESTACIONES SOCIALES RELACIONADAS CON EL EMPLEO | K58: =SUM(K59:K61) -> 1756209034 | L58: =SUM(L59:L61) -> 0 | M58: =SUM(M59:M61) -> 0 | N58: =SUM(N59:N61) -> 0 | O58: =SUM(O59:O61) -> 0 | P58: =SUM(P59:P61) -> 1756209034 | Q58: =SUM(Q59:Q61) -> 0 | R58: =SUM(R59:R61) -> 1756209034 | ... V58: =SUM(V59:V61) -> 1.0298124e+09 | W58: =S58/P58 -> 0.74861014 | X58: =T58/P58 -> 0.5863837
A59: A | B59: 03 | C59: 04 | D59: 02 | E59: 001 | G59: 10 | H59: Nación | I59: CSF | J59: MESADAS PENSIONALES (DE PENSIONES) | K59: 531950766 | P59: =K59-L59+M59-N59+O59 -> 531950766 | R59: 531950766 | S59: 367264976 | T59: 367264976 | U59: 367264976 | V59: 367264976 | W59: =S59/P59 -> 0.69041159 | X59: =T59/P59 -> 0.69041159
A60: A | B60: 03 | C60: 04 | D60: 02 | E60: 002 | G60: 10 | H60: Nación | I60: CSF | J60: CUOTAS PARTES PENSIONALES (DE PENSIONES) | K60: 1159010240 | P60: =K60-L60+M60-N60+O60 -> 1159010240 | R60: 1159010240 | S60: 9.1290723e+08 | T60: 6.2800369e+08 | U60: 6.2800369e+08 | V60: 6.2800369e+08 | W60: =S60/P60 -> 0.78766106 | X60: =T60/P60 -> 0.54184482
A61: A | B61: 03 | C61: 04 | D61: 02 | E61: 012 | G61: 10 | H61: Nación | I61: CSF | J61: INCAPACIDADES Y LICENCIAS DE MATERNIDAD Y PATERNIDAD (NO DE PENSIONES) | K61: 65248028 | P61: =K61-L61+M61-N61+O61 -> 65248028 | R61: 65248028 | S61: 34543687 | T61: 34543687 | U61: 34543687 | V61: 34543687 | W61: =S61/P61 -> 0.52942117 | X61: =T61/P61 -> 0.52942117
A62: A | B62: 03 | C62: 10 | J62: SENTENCIAS Y CONCILIACIONES | K62: =+K63 -> 42000000 | L62: =+L63 -> 0 | M62: =+M63 -> 0 | N62: =+N63 -> 0 | O62: =+O63 -> 0 | P62: =+P63 -> 42000000 | Q62: =+Q63 -> 0 | R62: =+R63 -> 42000000 | ... V62: =+V63 -> 0 | W62: =S62/P62 -> 0 | X62: =T62/P62 -> 0
A63: A | B63: 03 | C63: 10 | D63: 01 | E63: 001 | J63: SENTENCIAS | K63: 42000000 | P63: =K63-L63+M63-N63+O63 -> 42000000 | R63: 42000000 | S63: 0 | T63: 0 | U63: 0 | V63: 0 | W63: =S63/P63 -> 0 | X63: =T63/P63 -> 0
A64: A | B64: 08 | J64: GASTOS POR TRIBUTOS, MULTAS, SANCIONES E INTERESES DE MORA | K64: =K65+K68+K69 -> 2013805927 | L64: =L65+L68+L69 -> 0 | M64: =M65+M68+M69 -> 0 | N64: =N65+N68+N69 -> 0 | O64: =O65+O68+O69 -> 0 | P64: =P65+P68+P69 -> 2013805927 | Q64: =Q65+Q68+Q69 -> 0 | R64: =R65+R68+R69 -> 917614548 | ... V64: =V65+V68+V69 -> 1747800 | W64: =S64/P64 -> 0.00086790886 | X64: =T64/P64 -> 0.00086790886
A65: A | B65: 08 | C65: 01 | J65: IMPUESTOS | K65: =K66 -> 40577903 | L65: =L66 -> 0 | M65: 0 | N65: =N66 -> 0 | O65: =O66 -> 0 | P65: =P66 -> 40577903 | Q65: =Q66 -> 0 | R65: =R66 -> 38472903 | S65: =S66 -> 1747800 | T65: =T66 -> 1747800 | U65: =U66 -> 1747800 | V65: =V66 -> 1747800 | W65: =S65/P65 -> 0.043072704 | X65: =T65/P65 -> 0.043072704
A66: A | B66: 08 | C66: 01 | D66: 02 | J66: IMPUESTOS TERRITORIALES | K66: =K67 -> 40577903 | L66: =L67 -> 0 | M66: =M67 -> 0 | N66: =N67 -> 0 | O66: =O67 -> 0 | P66: =P67 -> 40577903 | Q66: =Q67 -> 0 | R66: =R67 -> 38472903 | ... V66: =V67 -> 1747800 | W66: =S66/P66 -> 0.043072704 | X66: =T66/P66 -> 0.043072704
A67: A | B67: 08 | C67: 01 | D67: 02 | E67: 006 | G67: 10 | H67: Nación | I67: CSF | J67: IMPUESTO SOBRE VEHÍCULOS AUTOMOTORES | K67: 40577903 | P67: =K67-L67+M67-N67+O67 -> 40577903 | R67: 38472903 | S67: 1747800 | T67: 1747800 | U67: 1747800 | V67: 1747800 | W67: =S67/P67 -> 0.043072704 | X67: =T67/P67 -> 0.043072704
A68: A | B68: 08 | C68: 03 | G68: 10 | H68: Nación | I68: CSF | J68: TASAS Y DERECHOS ADMINISTRATIVOS | K68: 13867400 | P68: =K68-L68+M68-N68+O68 -> 13867400 | Q68: 0 | R68: 0 | S68: 0 | T68: 0 | U68: 0 | V68: 0 | W68: =S68/P68 -> 0 | X68: =T68/P68 -> 0
A69: A | B69: 08 | C69: 04 | J69: CONTRIBUCIONES | K69: =K70 -> 1959360624 | L69: =L70 -> 0 | M69: =M70 -> 0 | N69: =N70 -> 0 | O69: =O70 -> 0 | P69: =P70 -> 1959360624 | Q69: =Q70 -> 0 | R69: =R70 -> 879141645 | ... V69: =V70 -> 0 | W69: =S69/P69 -> 0 | X69: =T69/P69 -> 0
A70: A | B70: 08 | C70: 04 | D70: 01 | G70: 11 | H70: Nación | I70: SSF | J70: CUOTA DE FISCALIZACIÓN Y AUDITAJE | K70: 1959360624 | P70: =K70-L70+M70-N70+O70 -> 1959360624 | R70: 879141645 | S70: 0 | T70: 0 | U70: 0 | V70: 0 | W70: =S70/P70 -> 0 | X70: =T70/P70 -> 0
A71: C | J71: C- INVERSIÓN | K71: =K72+K84+K114 -> 400000000000 | L71: =L72+L84+L114 -> 27627557031 | M71: =M72+M84+M114 -> 27627557031 | N71: =N72+N84+N114 -> 0 | O71: =O72+O84+O114 -> 0 | P71: =P72+P84+P114 -> 400000000000 | Q71: =Q72+Q84+Q114 -> 0 | R71: =R72+R84+R114 -> 3.777277e+11 | ... V71: =V72+V84+V114 -> 197650599793 | W71: =S71/P71 -> 0.7920153 | X71: =T71/P71 -> 0.4941265
A72: C | B72: 4301 | G72: 10 | H72: Nación | I72: CSF | J72: FOMENTO A LA RECREACIÓN, LA ACTIVIDAD FÍSICA Y EL DEPORTE PARA DESARROLLAR ENTORNOS DE CONVIVENCIA Y PAZ | K72: =K73 -> 121017078763 | L72: =L73 -> 0 | M72: =M73 -> 0 | N72: =N73 -> 0 | O72: =O73 -> 0 | P72: =P73 -> 121017078763 | Q72: =Q73 -> 0 | R72: =R73 -> 1.1506579e+11 | ... V72: =V73 -> 6.490814e+10 | W72: =S72/P72 -> 0.9183999 | X72: =T72/P72 -> 0.5363552
A73: C | B73: 4301 | C73: 1604 | J73: RECREACIÓN Y DEPORTE | K73: =K74+K79 -> 121017078763 | L73: =L74+L79 -> 0 | M73: =M74+M79 -> 0 | N73: =N74+N79 -> 0 | O73: =O74+O79 -> 0 | P73: =P74+P79 -> 121017078763 | Q73: =Q74+L79 -> 0 | R73: =R74+R79 -> 1.1506579e+11 | S73: =S74+S79 -> 1.1114207e+11 | T73: =T74+T79 -> 6.490814e+10 | U73: =U74+U79 -> 6.490814e+10 | V73: =V74+V79 -> 6.490814e+10 | W73: =S73/P73 -> 0.9183999 | X73: =T73/P73 -> 0.5363552
A74: C | B74: 4301 | C74: 1604 | D74: 13 | J74: FORTALECIMIENTO FORTALECIMIENTO DEL DEPORTE Y LA EDUCACION FISICA DE LOS NINOS, NINAS Y ADOLESCENTES EN ETAPA ESCOLAR NACIONAL | K74: =K75 -> 80000000000 | L74: =L75 -> 0 | M74: =M75 -> 0 | N74: =N75 -> 0 | O74: =O75 -> 0 | P74: =K74-L74+M74-N74+O74 -> 80000000000 | Q74: =Q75 -> 0 | R74: =R75 -> 7.4536877e+10 | S74: =S75 -> 74286984221 | T74: =T75 -> 4.7450843e+10 | U74: =U75 -> 4.7450843e+10 | V74: =V75 -> 4.7450843e+10 | W74: =S74/P74 -> 0.9285873 | X74: =T74/P74 -> 0.59313554
A75: C | B75: 4301 | C75: 1604 | D75: 13 | E75: 20203B | G75: 10 | H75: Nación | I75: CSF | J75: 2. SEGURIDAD HUMANA Y JUSTICIA SOCIAL / B. RESIGNIFICACIÓN DE LA JORNADA ESCOLAR: MÁS QUE TIEMPO | K75: =K76+K77+K78 -> 80000000000 | L75: =L76+L77+L78 -> 0 | M75: =M76+M77+M78 -> 0 | N75: =N76+N77+N78 -> 0 | O75: =O76+O77+O78 -> 0 | P75: =K75-L75+M75-N75+O75 -> 80000000000 | Q75: =Q76+Q77+Q78 -> 0 | R75: =R76+R77+R78 -> 7.4536877e+10 | S75: =S76+S77+S78 -> 74286984221 | T75: =T76+T77+T78 -> 4.7450843e+10 | U75: =U76+U77+U78 -> 4.7450843e+10 | V75: =V76+V77+V78 -> 4.7450843e+10 | W75: =S75/P75 -> 0.9285873 | X75: =T75/P75 -> 0.59313554
A76: C | B76: 4301 | C76: 1604 | D76: 13 | E76: 20203B | F76: 4301001 | G76: 10 | H76: Nación | I76: CSF | J76: SERVICIO DE APOYO A LA ACTIVIDAD FÍSICA, LA RECREACIÓN Y EL DEPORTE | K76: 49300000000 | P76: =K76-L76+M76-N76+O76 -> 49300000000 | R76: 45357743439 | S76: 45289309715 | T76: 3.309942e+10 | U76: 3.309942e+10 | V76: 3.309942e+10 | W76: =S76/P76 -> 0.91864726 | X76: =T76/P76 -> 0.67138783
A77: C | B77: 4301 | C77: 1604 | D77: 13 | E77: 20203B | F77: 4301006 | G77: 10 | H77: Nación | I77: CSF | J77: DOCUMENTOS NORMATIVOS | K77: 700000000 | P77: =K77-L77+M77-N77+O77 -> 700000000 | R77: 0 | S77: 0 | T77: 0 | U77: 0 | V77: 0 | W77: =S77/P77 -> 0 | X77: =T77/P77 -> 0
A78: C | B78: 4301 | C78: 1604 | D78: 13 | E78: 20203B | F78: 4301007 | G78: 10 | H78: Nación | I78: CSF | J78: SERVICIO DE ESCUELAS DEPORTIVAS | K78: 30000000000 | P78: =K78-L78+M78-N78+O78 -> 30000000000 | R78: 2.9179133e+10 | S78: 28997674506 | T78: 14351422836 | U78: 14351422836 | V78: 14351422836 | W78: =S78/P78 -> 0.96658915 | X78: =T78/P78 -> 0.47838076
A79: C | B79: 4301 | C79: 1604 | D79: 14 | J79: FORTALECIMIENTO FOMENTO Y PROMOCION DE LA PRACTICA DEPORTIVA, RECREATIVA Y DE ACTIVIDAD FISICA EN COLOMBIA NACIONAL | K79: =K80 -> 41017078763 | L79: =L80 -> 0 | M79: =M80 -> 0 | N79: =N80 -> 0 | O79: =O80 -> 0 | P79: =P80 -> 41017078763 | Q79: =Q80 -> 0 | R79: =R80 -> 4.0528916e+10 | ... V79: =V80 -> 1.7457297e+10 | W79: =S79/P79 -> 0.89853033 | X79: =T79/P79 -> 0.42561044
A80: C | B80: 4301 | C80: 1604 | D80: 14 | E80: 20303A | G80: 10 | H80: Nación | I80: CSF | J80: 2. SEGURIDAD HUMANA Y JUSTICIA SOCIAL / A. DEMOCRATIZAR EL ACCESO DE LA POBLACIÓN AL DEPORTE, LA RECREACIÓN Y LA ACTIVIDAD FÍSICA | K80: =K81+K82+K83 -> 41017078763 | L80: =L81+L82+L83 -> 0 | M80: =M81+M82+M83 -> 0 | N80: =N81+N82+N83 -> 0 | O80: =O81+O82+O83 -> 0 | P80: =K80-L80+M80-N80+O80 -> 41017078763 | Q80: =Q81+Q82+Q83 -> 0 | R80: =R81+R82+R83 -> 4.0528916e+10 | S80: =S81+S82+S83 -> 3.6855089e+10 | T80: =T81+T82+T83 -> 1.7457297e+10 | U80: =U81+U82+U83 -> 1.7457297e+10 | V80: =V81+V82+V83 -> 1.7457297e+10 | W80: =S80/P80 -> 0.89853033 | X80: =T80/P80 -> 0.42561044
A81: C | B81: 4301 | C81: 1604 | D81: 14 | E81: 20303A | F81: 4301006 | G81: 10 | H81: Nación | I81: CSF | J81: DOCUMENTOS NORMATIVOS | K81: 1285680000 | P81: =K81-L81+M81-N81+O81 -> 1285680000 | R81: 1194239999 | S81: 1121479999 | T81: 192499999 | U81: 192499999 | V81: 192499999 | W81: =S81/P81 -> 0.87228548 | X81: =T81/P81 -> 0.14972621
A82: C | B82: 4301 | C82: 1604 | D82: 14 | E82: 20303A | F82: 4301035 | G82: 10 | H82: Nación | I82: CSF | J82: SERVICIO DE EDUCACIÓN INFORMAL EN RECREACIÓN | K82: 3714306023 | P82: =K82-L82+M82-N82+O82 -> 3714306023 | R82: =+[2]REP_EPG034_EjecucionPresupuesta!$V$76 -> 3637476023 | S82: =+[2]REP_EPG034_EjecucionPresupuesta!$X$76 -> 3.4917094e+09 | T82: =+[2]REP_EPG034_EjecucionPresupuesta!$Y$76 -> 113886666 | U82: =+[2]REP_EPG034_EjecucionPresupuesta!$Z$76 -> 113886666 | V82: =+[2]REP_EPG034_EjecucionPresupuesta!$AA$76 -> 113886666 | W82: =S82/P82 -> 0.94007046 | X82: =T82/P82 -> 0.030661627
A83: C | B83: 4301 | C83: 1604 | D83: 14 | E83: 20303A | F83: 4301037 | G83: 10 | H83: Nación | I83: CSF | J83: SERVICIO DE PROMOCIÓN DE LA ACTIVIDAD FÍSICA, LA RECREACIÓN Y EL DEPORTE | K83: 36017092740 | P83: =K83-L83+M83-N83+O83 -> 36017092740 | R83: =+[2]REP_EPG034_EjecucionPresupuesta!$V$75+[2]REP_EPG034_EjecucionPresupuesta!$V$78 -> 3.56972e+10 | S83: =+[2]REP_EPG034_EjecucionPresupuesta!$X$75+[2]REP_EPG034_EjecucionPresupuesta!$X$78 -> 3.22419e+10 | T83: =+[2]REP_EPG034_EjecucionPresupuesta!$Y$75+[2]REP_EPG034_EjecucionPresupuesta!$Y$78 -> 1.715091e+10 | U83: =+[2]REP_EPG034_EjecucionPresupuesta!$Z$75+[2]REP_EPG034_EjecucionPresupuesta!$Z$78 -> 1.715091e+10 | V83: =+[2]REP_EPG034_EjecucionPresupuesta!$AA$75+[2]REP_EPG034_EjecucionPresupuesta!$AA$78 -> 1.715091e+10 | W83: =S83/P83 -> 0.8951833 | X83: =T83/P83 -> 0.47618808
A84: C | B84: 4302 | J84: FORMACIÓN Y PREPARACIÓN DE DEPORTISTAS | K84: =K85 -> 261082921237 | L84: =L85 -> 25907757031 | M84: =M85 -> 25907757031 | N84: =N85 -> 0 | O84: =O85 -> 0 | P84: =P85 -> 261082921237 | Q84: =Q85 -> 0 | R84: =R85 -> 2.4587395e+11 | ... V84: =V85 -> 1.2474304e+11 | W84: =S84/P84 -> 0.73584034 | X84: =T84/P84 -> 0.47779089
A85: C | B85: 4302 | C85: 1604 | G85: 10 | H85: Nación | I85: CSF | J85: RECREACIÓN Y DEPORTE | K85: =K86+K89+K93+K97+K104+K107+K110 -> 261082921237 | L85: =L89+L93+L97+L104+L107+L110 -> 25907757031 | M85: =M89+M93+M97+M104+M107+M110 -> 25907757031 | N85: =N89+N93+N97+N104+N107+N110 -> 0 | O85: =O89+O93+O97+O104+O107+O110 -> 0 | P85: =P86+P89+P93+P97+P104+P107+P110 -> 261082921237 | Q85: =Q89+Q93+Q97+Q104+Q107+Q110 -> 0 | R85: =R86+R89+R93+R97+R104+R107+R110 -> 2.4587395e+11 | S85: =S86+S89+S93+S97+S104+S107+S110 -> 1.9211535e+11 | T85: =T86+T89+T93+T97+T104+T107+T110 -> 1.2474304e+11 | U85: =U86+U89+U93+U97+U104+U107+U110 -> 1.2474304e+11 | V85: =V86+V89+V93+V97+V104+V107+V110 -> 1.2474304e+11 | W85: =S85/P85 -> 0.73584034 | X85: =T85/P85 -> 0.47779089
A86: C | B86: 4302 | C86: 1604 | D86: 20 | J86: DESARROLLO DE POLÍTICAS PÚBLICAS E INVESTIGACIÓN SECTORIAL A NIVEL NACIONAL | K86: =K87 -> 1345730309 | L86: =L87 -> 0 | M86: =M87 -> 0 | N86: =N87 -> 0 | O86: =O87 -> 0 | P86: =P88 -> 1345730309 | Q86: =Q87 -> 0 | R86: =R87 -> 1322986667 | S86: =S87 -> 1061830767 | T86: =T87 -> 863448985 | U86: =U87 -> 863448985 | V86: =V87 -> 863448985 | W86: =S86/P86 -> 0.78903682 | X86: =T86/P86 -> 0.64162112
A87: C | B87: 4302 | C87: 1604 | D87: 20 | E87: 20303D | G87: 10 | H87: Nación | I87: CSF | J87: 2. SEGURIDAD HUMANA/D. SISTEMA DE INFORMACIÓN DEL DEPORTE, LA RECREACIÓN Y LA ACTIVIDAD FÍSICA | K87: =K88 -> 1345730309 | L87: =L88 -> 0 | M87: =M88 -> 0 | N87: =N88 -> 0 | O87: =O88 -> 0 | P87: =K87-L87+M87-N87+O87 -> 1345730309 | Q87: =Q88 -> 0 | R87: =R88 -> 1322986667 | S87: =S88 -> 1061830767 | T87: =T88 -> 863448985 | U87: =U88 -> 863448985 | V87: =V88 -> 863448985 | W87: =S87/P87 -> 0.78903682 | X87: =T87/P87 -> 0.64162112
A88: C | B88: 4302 | C88: 1604 | D88: 20 | E88: 20303D | F88: 4302009 | G88: 10 | H88: Nación | I88: CSF | J88: DOCUMENTOS DE LINEAMIENTOS TÉCNICOS | K88: 1345730309 | P88: =K88-L88+M88-N88+O88 -> 1345730309 | R88: 1322986667 | S88: 1061830767 | T88: 863448985 | U88: 863448985 | V88: 863448985 | W88: =S88/P88 -> 0.78903682 | X88: =T88/P88 -> 0.64162112
A89: C | B89: 4302 | C89: 1604 | D89: 23 | J89: APOYO A LA INSPECCIÓN, VIGILANCIA Y CONTROL A NIVEL NACIONAL | K89: =K90 -> 2691460619 | P89: =SUM(P91:P92) -> 2691460619 | Q89: =Q90 -> 0 | R89: =R90 -> 2635379952 | S89: =S90 -> 2569269955 | T89: =T90 -> 1.9203967e+09 | U89: =U90 -> 1.9203967e+09 | V89: =V90 -> 1.9203967e+09 | W89: =S89/P89 -> 0.95460061 | X89: =T89/P89 -> 0.71351468
A90: C | B90: 4302 | C90: 1604 | D90: 23 | E90: 20303A | G90: 10 | H90: Nación | I90: CSF | J90: 2. SEGURIDAD HUMANA Y JUSTICIA SOCIAL / A. DEMOCRATIZAR EL ACCESO DE LA POBLACIÓN AL DEPORTE, LA RECREACIÓN Y LA ACTIVIDAD FÍSICA | K90: =K91+K92 -> 2691460619 | L90: =L91+L92 -> 0 | M90: =M91+M92 -> 0 | N90: =N91+N92 -> 0 | O90: =O91+O92 -> 0 | P90: =K90-L90+M90-N90+O90 -> 2691460619 | Q90: =Q91 -> 0 | R90: =R91+R92 -> 2635379952 | S90: =S91+S92 -> 2569269955 | T90: =T91+T92 -> 1.9203967e+09 | U90: =U91+U92 -> 1.9203967e+09 | V90: =V91+V92 -> 1.9203967e+09 | W90: =S90/P90 -> 0.95460061 | X90: =T90/P90 -> 0.71351468
A91: C | B91: 4302 | C91: 1604 | D91: 23 | E91: 20303A | F91: 4302075 | G91: 10 | H91: Nación | I91: CSF | J91: SERVICIO DE ASISTENCIA TÉCNICA PARA LA PROMOCIÓN DEL DEPORTE | K91: 1650000000 | P91: =K91-L91+M91-N91+O91 -> 1650000000 | Q91: 0 | R91: 1638955769 | S91: 1617955769 | T91: 1207222435 | U91: 1207222435 | V91: 1207222435 | W91: =S91/P91 -> 0.98057925 | X91: =T91/P91 -> 0.73164996
A92: C | B92: 4302 | C92: 1604 | D92: 23 | E92: 20303A | F92: 4302076 | G92: 10 | H92: Nación | I92: CSF | J92: SERVICIO DE INSPECCIÓN, VIGILANCIA Y CONTROL AL SISTEMA NACIONAL DEL DEPORTE | K92: 1041460619 | P92: =K92-L92+M92-N92+O92 -> 1041460619 | R92: 996424183 | S92: 951314186 | T92: 7.1317423e+08 | U92: 7.1317423e+08 | V92: 7.1317423e+08 | W92: =S92/P92 -> 0.9134423 | X92: =T92/P92 -> 0.68478272
A93: C | B93: 4302 | C93: 1604 | D93: 24 | J93: APOYO AL PROGRAMA AL CONTROL DOPAJE NACIONAL | K93: =K94 -> 1345730309 | L93: =L94 -> 20000000 | M93: =M94 -> 1020000000 | N93: =N94 -> 0 | O93: =O94 -> 0 | P93: =SUM(P95:P96) -> 2345730309 | Q93: =Q94 -> 0 | R93: =R94 -> 2345730309 | S93: =S94 -> 1350501012 | T93: =T94 -> 1.3098478e+09 | U93: =U94 -> 1.3098478e+09 | V93: =V94 -> 1.3098478e+09 | W93: =S93/P93 -> 0.57572731 | X93: =T93/P93 -> 0.55839658
A94: C | B94: 4302 | C94: 1604 | D94: 24 | E94: 20303E | G94: 10 | H94: Nación | I94: CSF | J94: 2. SEGURIDAD HUMANA Y JUSTICIA SOCIAL / E. ATLETAS Y PARATLETAS COMO EMBAJADORES DE PAZ EN EL MUNDO | K94: =K95+K96 -> 1345730309 | L94: =L95+L96 -> 20000000 | M94: =M95+M96 -> 1020000000 | N94: =N95+N96 -> 0 | O94: =O95+O96 -> 0 | P94: =K94-L94+M94-N94+O94 -> 2345730309 | Q94: =Q95+Q96 -> 0 | R94: =R95+R96 -> 2345730309 | S94: =S95+S96 -> 1350501012 | T94: =T95+T96 -> 1.3098478e+09 | U94: =U95+U96 -> 1.3098478e+09 | V94: =V95+V96 -> 1.3098478e+09 | W94: =S94/P94 -> 0.57572731 | X94: =T94/P94 -> 0.55839658
A95: C | B95: 4302 | C95: 1604 | D95: 24 | E95: 20303E | F95: 4302062 | G95: 10 | H95: Nación | I95: CSF | J95: SERVICIO DE EDUCACIÓN INFORMAL | K95: 20000000 | L95: 20000000 | P95: =K95-L95+M95-N95+O95 -> 0 | R95: 0 | S95: 0 | T95: 0 | U95: 0 | V95: 0 | W95: 0 | X95: 0
A96: C | B96: 4302 | C96: 1604 | D96: 24 | E96: 20303E | F96: 4302078 | G96: 10 | H96: Nación | I96: CSF | J96: SERVICIO DE CONTROL DE DOPAJE | K96: 1325730309 | M96: =20000000+1000000000 -> 1020000000 | P96: =K96-L96+M96-N96+O96 -> 2345730309 | R96: 2345730309 | S96: 1350501012 | T96: 1.3098478e+09 | U96: 1.3098478e+09 | V96: 1.3098478e+09 | W96: =S96/P96 -> 0.57572731 | X96: =T96/P96 -> 0.55839658
A97: C | B97: 4302 | C97: 1604 | D97: 26 | J97: DESARROLLO DEL DEPORTE OLIMPICO, PARALIMPICO Y NIVEL MUNDIAL PARA EL POSICIONAMIENTO Y LIDERAZGO DEPORTIVO NACIONAL | K97: =K98 -> 110000000000 | L97: =L98 -> 16184226379 | M97: =M98 -> 24857757031 | N97: =N99+N100+N101 -> 0 | O97: =O99+O100+O101 -> 0 | P97: =+P98 -> 118673530652 | Q97: 0 | R97: =R98 -> 1.1773272e+11 | S97: =S98 -> 9.3565887e+10 | T97: =T98 -> 7.5418722e+10 | U97: =U98 -> 7.5418722e+10 | V97: =V98 -> 7.5418722e+10 | W97: =S97/P97 -> 0.78843097 | X97: =T97/P97 -> 0.63551426
A98: C | B98: 4302 | C98: 1604 | D98: 26 | E98: 20303E | G98: 10 | H98: Nación | I98: CSF | J98: 2. SEGURIDAD HUMANA Y JUSTICIA SOCIAL / E. ATLETAS Y PARATLETAS COMO EMBAJADORES DE PAZ EN EL MUNDO | K98: =K99+K100+K101+K102+K103 -> 110000000000 | L98: =L99+L100+L101+L102+L103 -> 16184226379 | M98: =M99+M100+M101+M102+M103 -> 24857757031 | N98: =N99+N100+N101+N102+N103 -> 0 | O98: =O99+O100+O101+O102+O103 -> 0 | P98: =SUM(P99:P103) -> 118673530652 | R98: =SUM(R99:R103) -> 1.1773272e+11 | S98: =SUM(S99:S103) -> 9.3565887e+10 | T98: =SUM(T99:T103) -> 7.5418722e+10 | U98: =SUM(U99:U103) -> 7.5418722e+10 | V98: =SUM(V99:V103) -> 7.5418722e+10 | W98: =S98/P98 -> 0.78843097 | X98: =T98/P98 -> 0.63551426
A99: C | B99: 4302 | C99: 1604 | D99: 26 | E99: 20303E | F99: 4302001 | G99: 10 | H99: Nación | I99: CSF | J99: SERVICIO DE PREPARACIÓN DEPORTIVA | K99: 31608456000 | L99: =1366334025+121087270 -> 1487421295 | M99: 10333618652 | P99: =K99-L99+M99-N99+O99 -> 40454653357 | R99: 4.0454653e+10 | S99: 37094571339 | T99: 2.6069174e+10 | U99: 2.6069174e+10 | V99: 2.6069174e+10 | W99: =S99/P99 -> 0.91694201 | X99: =T99/P99 -> 0.64440484
A100: C | B100: 4302 | C100: 1604 | D100: 26 | E100: 20303E | F100: 4302002 | G100: 10 | H100: Nación | I100: CSF | J100: SERVICIO DE APOYO FINANCIERO A ATLETAS | K100: 34886584000 | M100: =3719916000+160835579 -> 3880751579 | P100: =K100-L100+M100-N100+O100 -> 38767335579 | R100: 38767335579 | S100: 25620435750 | T100: 24294445500 | U100: 24294445500 | V100: 24294445500 | W100: =S100/P100 -> 0.66087688 | X100: =T100/P100 -> 0.62667308
A101: C | B101: 4302 | C101: 1604 | D101: 26 | E101: 20303E | F101: 4302003 | G101: 10 | H101: Nación | I101: CSF | J101: SERVICIO DE ATENCIÓN MÉDICA ESPECIALIZADA | K101: 7502350000 | L101: 3812037388 | P101: =K101-L101+M101-N101+O101 -> 3690312612 | R101: =+[2]REP_EPG034_EjecucionPresupuesta!$V$86+[2]REP_EPG034_EjecucionPresupuesta!$V$90 -> 3.6768896e+09 | S101: =+[2]REP_EPG034_EjecucionPresupuesta!$X$86+[2]REP_EPG034_EjecucionPresupuesta!$X$90 -> 2.9567427e+09 | T101: =+[2]REP_EPG034_EjecucionPresupuesta!$Y$86+[2]REP_EPG034_EjecucionPresupuesta!$Y$90 -> 2001644263 | U101: =+[2]REP_EPG034_EjecucionPresupuesta!$Z$86+[2]REP_EPG034_EjecucionPresupuesta!$Z$90 -> 2001644263 | V101: =+[2]REP_EPG034_EjecucionPresupuesta!$AA$86+[2]REP_EPG034_EjecucionPresupuesta!$AA$90 -> 2001644263 | W101: =S101/P101 -> 0.8012174 | X101: =T101/P101 -> 0.54240507
A102: C | B102: 4302 | C102: 1604 | D102: 26 | E102: 20303E | F102: 4302073 | G102: 10 | H102: Nación | I102: CSF | J102: SERVICIO DE IDENTIFICACIÓN DE TALENTOS DEPORTIVOS | K102: 10999660000 | L102: 2326871387 | M102: 1000000001 | P102: =K102-L102+M102-N102+O102 -> 9672788614 | R102: =+[2]REP_EPG034_EjecucionPresupuesta!$V$85+[2]REP_EPG034_EjecucionPresupuesta!$V$87 -> 8.7503745e+09 | S102: =+[2]REP_EPG034_EjecucionPresupuesta!$X$85+[2]REP_EPG034_EjecucionPresupuesta!$X$87 -> 7.5859658e+09 | T102: =+[2]REP_EPG034_EjecucionPresupuesta!$Y$85+[2]REP_EPG034_EjecucionPresupuesta!$Y$87 -> 6.9179528e+09 | U102: =+[2]REP_EPG034_EjecucionPresupuesta!$Z$85+[2]REP_EPG034_EjecucionPresupuesta!$Z$87 -> 6.9179528e+09 | V102: =+[2]REP_EPG034_EjecucionPresupuesta!$AA$85+[2]REP_EPG034_EjecucionPresupuesta!$AA$87 -> 6.9179528e+09 | W102: =S102/P102 -> 0.78425841 | X102: =T102/P102 -> 0.71519735
A103: C | B103: 4302 | C103: 1604 | D103: 26 | E103: 20303E | F103: 4302075 | G103: 10 | H103: Nación | I103: CSF | J103: SERVICIO DE ASISTENCIA TÉCNICA PARA LA PROMOCIÓN DEL DEPORTE | K103: 25002950000 | L103: =8518148000+39748309 -> 8557896309 | M103: =9643386799 -> 9643386799 | P103: =K103-L103+M103-N103+O103 -> 26088440490 | R103: 2.6083466e+10 | S103: 20308171536 | T103: 1.6135505e+10 | U103: 1.6135505e+10 | V103: 1.6135505e+10 | W103: =S103/P103 -> 0.77843563 | X103: =T103/P103 -> 0.61849249
A104: C | B104: 4302 | C104: 1604 | D104: 27 | J104: FORTALECIMIENTO DEL LABORATORIO DE CONTROL AL DOPAJE DEPORTIVO NACIONAL | K104: =K105 -> 700000000 | L104: =L105 -> 0 | M104: =M105 -> 0 | N104: =N105 -> 0 | O104: =O105 -> 0 | P104: =+P105 -> 700000000 | Q104: =Q105 -> 0 | R104: =R105 -> 592491292 | S104: =S105 -> 164202578 | T104: =T105 -> 15466666 | U104: =U105 -> 15466666 | V104: =V105 -> 15466666 | W104: =S104/P104 -> 0.23457511 | X104: =T104/P104 -> 0.022095237
A105: C | B105: 4302 | C105: 1604 | D105: 27 | E105: 20303E | G105: 10 | H105: Nación | I105: CSF | J105: 2. SEGURIDAD HUMANA Y JUSTICIA SOCIAL / E. ATLETAS Y PARATLETAS COMO EMBAJADORES DE PAZ EN EL MUNDO | K105: =K106 -> 700000000 | L105: =L106 -> 0 | M105: =M106 -> 0 | N105: =N106 -> 0 | O105: =O106 -> 0 | P105: =K105-L105+M105-N105+O105 -> 700000000 | Q105: =Q106 -> 0 | R105: =R106 -> 592491292 | S105: =S106 -> 164202578 | T105: =T106 -> 15466666 | U105: =U106 -> 15466666 | V105: =V106 -> 15466666 | W105: =S105/P105 -> 0.23457511 | X105: =T105/P105 -> 0.022095237
A106: C | B106: 4302 | C106: 1604 | D106: 27 | E106: 20303E | F106: 4302077 | G106: 10 | H106: Nacion | I106: CSF | J106: SERVICIO DE ANALISIS DE MUESTRAS | K106: 700000000 | P106: =K106-L106+M106-N106+O106 -> 700000000 | R106: 592491292 | S106: 164202578 | T106: 15466666 | U106: 15466666 | V106: 15466666 | W106: =S106/P106 -> 0.23457511 | X106: =T106/P106 -> 0.022095237
...

Sheet GRÁFICOS (2)
C1: =+[1]REP_EPG034_EjecucionPresupuesta!$T$20-C3 -> 0 | D1: =+[1]REP_EPG034_EjecucionPresupuesta!$V$20-D3 -> 0 | E1: =+[1]REP_EPG034_EjecucionPresupuesta!$X$20-E3 -> 0 | F1: =+[1]REP_EPG034_EjecucionPresupuesta!$Y$20-F3 -> 0 | G1: =+[1]REP_EPG034_EjecucionPresupuesta!$AA$20-G3 -> 0
C2: APROPIACIÓN VIGENTE | D2: CDP | E2: COMPROMISO | F2: OBLIGACIÓN | G2: PAGO | H2: CDP % | I2: RPC % | J2: OBLIGACIÓN % | K2: PAGO %
A3: A+B+C | B3: TOTAL PRESUPUESTO | C3: ='VIGENCIA ACTUAL '!P15 -> 467600696578 | D3: ='VIGENCIA ACTUAL '!R15 -> 4.2298762e+11 | E3: ='VIGENCIA ACTUAL '!S15 -> 3.5304122e+11 | F3: ='VIGENCIA ACTUAL '!T15 -> 2.3087623e+11 | G3: ='VIGENCIA ACTUAL '!V15 -> 2.3087623e+11 | H3: =D3/$C$3 -> 0.9045915 | I3: =E3/$C$3 -> 0.75500576 | J3: =F3/$C$3 -> 0.49374655 | K3: =G3/$C$3 -> 0.49374655
A5: A | B5: FUNCIONAMIENTO | C5: ='VIGENCIA ACTUAL '!P16 -> 67600696578 | D5: ='VIGENCIA ACTUAL '!R16 -> 4.5259917e+10 | E5: ='VIGENCIA ACTUAL '!S16 -> 3.6235101e+10 | F5: ='VIGENCIA ACTUAL '!T16 -> 3.3225629e+10 | G5: ='VIGENCIA ACTUAL '!V16 -> 3.3225629e+10 | H5: =D5/$C$5 -> 0.6695185 | I5: =E5/$C$5 -> 0.53601668 | J5: =F5/$C$5 -> 0.49149833 | K5: =G5/$C$5 -> 0.49149833
A6: C | B6: INVERSIÓN | C6: ='VIGENCIA ACTUAL '!P71 -> 400000000000 | D6: ='VIGENCIA ACTUAL '!R71 -> 3.777277e+11 | E6: ='VIGENCIA ACTUAL '!S71 -> 3.1680612e+11 | F6: ='VIGENCIA ACTUAL '!T71 -> 197650599793 | G6: ='VIGENCIA ACTUAL '!V71 -> 197650599793 | H6: =D6/$C$6 -> 0.94431925 | I6: =E6/$C$6 -> 0.7920153 | J6: =F6/$C$6 -> 0.4941265 | K6: =G6/$C$6 -> 0.4941265
A8: A-01 | B8: GASTOS DE PERSONAL | C8: ='VIGENCIA ACTUAL '!P17 -> 28873187166 | D8: ='VIGENCIA ACTUAL '!R17 -> 25638308166 | E8: ='VIGENCIA ACTUAL '!S17 -> 20441300682 | F8: ='VIGENCIA ACTUAL '!T17 -> 20441300682 | G8: ='VIGENCIA ACTUAL '!V17 -> 20441300682 | H8: =D8/$C$8 -> 0.88796252 | I8: =E8/$C$8 -> 0.70796828 | J8: =F8/$C$8 -> 0.70796828 | K8: =G8/$C$8 -> 0.70796828
A9: A-02 | B9: ADQUISICIÓN DE BIENES Y SERVICIOS | C9: ='VIGENCIA ACTUAL '!P38 -> 7967841118 | D9: ='VIGENCIA ACTUAL '!R38 -> 7.9581316e+09 | E9: ='VIGENCIA ACTUAL '!S38 -> 7.0209591e+09 | F9: ='VIGENCIA ACTUAL '!T38 -> 4.2963907e+09 | G9: ='VIGENCIA ACTUAL '!V38 -> 4.2963907e+09 | H9: =D9/$C$9 -> 0.99878141 | I9: =E9/$C$9 -> 0.88116203 | J9: =F9/$C$9 -> 0.53921642 | K9: =G9/$C$9 -> 0.53921642
A10: A-03 | B10: TRANSFERENCIAS CORRIENTES | C10: ='VIGENCIA ACTUAL '!P53 -> 28745862367 | D10: ='VIGENCIA ACTUAL '!R53 -> 10745862367 | E10: ='VIGENCIA ACTUAL '!S53 -> 8.7710937e+09 | F10: ='VIGENCIA ACTUAL '!T53 -> 8.4861901e+09 | G10: ='VIGENCIA ACTUAL '!V53 -> 8.4861901e+09 | H10: =D10/$C$10 -> 0.37382293 | I10: =E10/$C$10 -> 0.30512543 | J10: =F10/$C$10 -> 0.29521432 | K10: =G10/$C$10 -> 0.29521432
A11: A-08 | B11: GASTOS POR TRIBUTOS, MULTAS, SANCIONES E INTERESES DE MORA | C11: ='VIGENCIA ACTUAL '!P64 -> 2013805927 | D11: ='VIGENCIA ACTUAL '!R64 -> 917614548 | E11: =+'VIGENCIA ACTUAL '!S64 -> 1747800 | F11: ='VIGENCIA ACTUAL '!T64 -> 1747800 | G11: ='VIGENCIA ACTUAL '!V64 -> 1747800 | H11: =D11/$C$11 -> 0.45566186 | I11: =E11/$C$11 -> 0.00086790886 | J11: =F11/$C$11 -> 0.00086790886 | K11: =G11/$C$11 -> 0.00086790886
A14: C-4301 | B14: FOMENTO A LA RECREACIÓN, LA ACTIVIDAD FÍSICA Y EL DEPORTE PARA DESARROLLAR ENTORNOS DE CONVIVENCIA Y PAZ | C14: ='VIGENCIA ACTUAL '!P72 -> 121017078763 | D14: ='VIGENCIA ACTUAL '!R72 -> 1.1506579e+11 | E14: ='VIGENCIA ACTUAL '!S72 -> 1.1114207e+11 | F14: ='VIGENCIA ACTUAL '!T72 -> 6.490814e+10 | G14: ='VIGENCIA ACTUAL '!V72 -> 6.490814e+10 | H14: =D14/$C$14 -> 0.95082276 | I14: =E14/$C$14 -> 0.9183999 | J14: =F14/$C$14 -> 0.5363552 | K14: =G14/$C$14 -> 0.5363552
A15: C-4302 | B15: FORMACIÓN Y PREPARACIÓN DE DEPORTISTAS | C15: ='VIGENCIA ACTUAL '!P84 -> 261082921237 | D15: ='VIGENCIA ACTUAL '!R84 -> 2.4587395e+11 | E15: ='VIGENCIA ACTUAL '!S84 -> 1.9211535e+11 | F15: ='VIGENCIA ACTUAL '!T84 -> 1.2474304e+11 | G15: ='VIGENCIA ACTUAL '!V84 -> 1.2474304e+11 | H15: =D15/$C$15 -> 0.94174658 | I15: =E15/$C$15 -> 0.73584034 | J15: =F15/$C$15 -> 0.47779089 | K15: =G15/$C$15 -> 0.47779089
A16: C-4399 | B16: ='VIGENCIA ACTUAL '!J114 -> FORTALECIMIENTO Y APOYO A LA GESTIÓN INSTITUCIONAL DEL SECTOR RECREACIÓN Y DEPORTE | C16: ='VIGENCIA ACTUAL '!P114 -> 17900000000 | D16: ='VIGENCIA ACTUAL '!R114 -> 1.6787959e+10 | E16: ='VIGENCIA ACTUAL '!S114 -> 1.3548699e+10 | F16: ='VIGENCIA ACTUAL '!T114 -> 7.999419e+09 | G16: ='VIGENCIA ACTUAL '!V114 -> 7.999419e+09 | H16: =D16/$C$16 -> 0.93787478 | I16: =E16/$C$16 -> 0.75691057 | J16: =F16/$C$16 -> 0.44689492 | K16: =G16/$C$16 -> 0.44689492
A18: C-4301-1604-13-20203B | B18: ='VIGENCIA ACTUAL '!J75 -> 2. SEGURIDAD HUMANA Y JUSTICIA SOCIAL / B. RESIGNIFICACIÓN DE LA JORNADA ESCOLAR: MÁS QUE TIEMPO | C18: ='VIGENCIA ACTUAL '!P75 -> 80000000000 | D18: ='VIGENCIA ACTUAL '!R75 -> 7.4536877e+10 | E18: ='VIGENCIA ACTUAL '!S75 -> 74286984221 | F18: ='VIGENCIA ACTUAL '!T75 -> 4.7450843e+10 | G18: ='VIGENCIA ACTUAL '!V75 -> 4.7450843e+10 | H18: =D18/$C$18 -> 0.93171096 | I18: =E18/$C$18 -> 0.9285873 | J18: =F18/$C$18 -> 0.59313554 | K18: =G18/$C$18 -> 0.59313554
A19: C-4301-1604-14-20303A | B19: ='VIGENCIA ACTUAL '!J80 -> 2. SEGURIDAD HUMANA Y JUSTICIA SOCIAL / A. DEMOCRATIZAR EL ACCESO DE LA POBLACIÓN AL DEPORTE, LA RECREACIÓN Y LA ACTIVIDAD FÍSICA | C19: ='VIGENCIA ACTUAL '!P80 -> 41017078763 | D19: ='VIGENCIA ACTUAL '!R80 -> 4.0528916e+10 | E19: ='VIGENCIA ACTUAL '!S80 -> 3.6855089e+10 | F19: ='VIGENCIA ACTUAL '!T80 -> 1.7457297e+10 | G19: ='VIGENCIA ACTUAL '!V80 -> 1.7457297e+10 | H19: =D19/$C$19 -> 0.98809855 | I19: =E19/$C$19 -> 0.89853033 | J19: =F19/$C$19 -> 0.42561044 | K19: =G19/$C$19 -> 0.42561044
A20: C-4302-1604-20-20303D | B20: ='VIGENCIA ACTUAL '!J87 -> 2. SEGURIDAD HUMANA/D. SISTEMA DE INFORMACIÓN DEL DEPORTE, LA RECREACIÓN Y LA ACTIVIDAD FÍSICA | C20: ='VIGENCIA ACTUAL '!P87 -> 1345730309 | D20: ='VIGENCIA ACTUAL '!R87 -> 1322986667 | E20: ='VIGENCIA ACTUAL '!S87 -> 1061830767 | F20: ='VIGENCIA ACTUAL '!T87 -> 863448985 | G20: ='VIGENCIA ACTUAL '!V87 -> 863448985 | H20: =D20/$C$20 -> 0.98309941 | I20: =E20/$C$20 -> 0.78903682 | J20: =F20/$C$20 -> 0.64162112 | K20: =G20/$C$20 -> 0.64162112
A21: C-4302-1604-23-20303A | B21: ='VIGENCIA ACTUAL '!J90 -> 2. SEGURIDAD HUMANA Y JUSTICIA SOCIAL / A. DEMOCRATIZAR EL ACCESO DE LA POBLACIÓN AL DEPORTE, LA RECREACIÓN Y LA ACTIVIDAD FÍSICA | C21: ='VIGENCIA ACTUAL '!P90 -> 2691460619 | D21: ='VIGENCIA ACTUAL '!R90 -> 2635379952 | E21: ='VIGENCIA ACTUAL '!S90 -> 2569269955 | F21: ='VIGENCIA ACTUAL '!T90 -> 1.9203967e+09 | G21: ='VIGENCIA ACTUAL '!V90 -> 1.9203967e+09 | H21: =D21/$C$21 -> 0.97916348 | I21: =E21/$C$21 -> 0.95460061 | J21: =F21/$C$21 -> 0.71351468 | K21: =G21/$C$21 -> 0.71351468
A22: C-4302-1604-24-20303E | B22: ='VIGENCIA ACTUAL '!J94 -> 2. SEGURIDAD HUMANA Y JUSTICIA SOCIAL / E. ATLETAS Y PARATLETAS COMO EMBAJADORES DE PAZ EN EL MUNDO | C22: ='VIGENCIA ACTUAL '!P94 -> 2345730309 | D22: ='VIGENCIA ACTUAL '!R94 -> 2345730309 | E22: ='VIGENCIA ACTUAL '!S94 -> 1350501012 | F22: ='VIGENCIA ACTUAL '!T94 -> 1.3098478e+09 | G22: ='VIGENCIA ACTUAL '!V94 -> 1.3098478e+09 | H22: =D22/$C$22 -> 1 | I22: =E22/$C$22 -> 0.57572731 | J22: =F22/$C$22 -> 0.55839658 | K22: =G22/$C$22 -> 0.55839658
A23: C-4302-1604-26-20303E | B23: ='VIGENCIA ACTUAL '!J98 -> 2. SEGURIDAD HUMANA Y JUSTICIA SOCIAL / E. ATLETAS Y PARATLETAS COMO EMBAJADORES DE PAZ EN EL MUNDO | C23: ='VIGENCIA ACTUAL '!P98 -> 118673530652 | D23: ='VIGENCIA ACTUAL '!R98 -> 1.1773272e+11 | E23: ='VIGENCIA ACTUAL '!S98 -> 9.3565887e+10 | F23: ='VIGENCIA ACTUAL '!T98 -> 7.5418722e+10 | G23: ='VIGENCIA ACTUAL '!V98 -> 7.5418722e+10 | H23: =D23/$C$23 -> 0.99207227 | I23: =E23/$C$23 -> 0.78843097 | J23: =F23/$C$23 -> 0.63551426 | K23: =G23/$C$23 -> 0.63551426
A24: C-4399-1604-27-20303E | B24: ='VIGENCIA ACTUAL '!J105 -> 2. SEGURIDAD HUMANA Y JUSTICIA SOCIAL / E. ATLETAS Y PARATLETAS COMO EMBAJADORES DE PAZ EN EL MUNDO | C24: ='VIGENCIA ACTUAL '!P105 -> 700000000 | D24: ='VIGENCIA ACTUAL '!R105 -> 592491292 | E24: ='VIGENCIA ACTUAL '!S105 -> 164202578 | F24: =+'VIGENCIA ACTUAL '!T105 -> 15466666 | G24: ='VIGENCIA ACTUAL '!V105 -> 15466666 | H24: =D24/$C$24 -> 0.84641613 | I24: =E24/$C$24 -> 0.23457511 | J24: =F24/$C$24 -> 0.022095237 | K24: =G24/$C$24 -> 0.022095237
A25: C-4399-1604-28-20303A | B25: ='VIGENCIA ACTUAL '!J108 -> 2. SEGURIDAD HUMANA Y JUSTICIA SOCIAL / A. DEMOCRATIZAR EL ACCESO DE LA POBLACIÓN AL DEPORTE, LA RECREACIÓN Y LA ACTIVIDAD FÍSICA | C25: ='VIGENCIA ACTUAL '!P108 -> 100000000000 | D25: ='VIGENCIA ACTUAL '!R108 -> 8.7266624e+10 | E25: ='VIGENCIA ACTUAL '!S108 -> 6.1716937e+10 | F25: ='VIGENCIA ACTUAL '!T108 -> 2.2820393e+10 | G25: ='VIGENCIA ACTUAL '!V108 -> 2.2820393e+10 | H25: =D25/C25 -> 0.87266624 | I25: =E25/C25 -> 0.61716937 | J25: =F25/C25 -> 0.22820393 | K25: =G25/C25 -> 0.22820393
A26: C-4399-1604-29-20303F | B26: ='VIGENCIA ACTUAL '!J111 -> 2. SEGURIDAD HUMANA Y JUSTICIA SOCIAL / F. EL DEPORTE, LA RECREACIÓN Y LA ACTIVIDAD FÍSICA COMO EJE DE LA ECONOMÍA POPULAR | C26: ='VIGENCIA ACTUAL '!P111 -> 35326469348 | D26: ='VIGENCIA ACTUAL '!R111 -> 3.3978018e+10 | E26: ='VIGENCIA ACTUAL '!S111 -> 3.1686717e+10 | F26: ='VIGENCIA ACTUAL '!T111 -> 2.2394767e+10 | G26: ='VIGENCIA ACTUAL '!V111 -> 2.2394767e+10 | H26: =D26/$C$26 -> 0.96182885 | I26: =E26/C26 -> 0.89696813 | J26: =F26/C26 -> 0.6339373 | K26: =G26/C26 -> 0.6339373
A27: C-4399-1604-7-20303D | B27: ='VIGENCIA ACTUAL '!J117 -> 2. SEGURIDAD HUMANA Y JUSTICIA SOCIAL / D. SISTEMA DE INFORMACIÓN DEL DEPORTE, LA RECREACIÓN Y LA ACTIVIDAD FÍSICA | C27: ='VIGENCIA ACTUAL '!P117 -> 6000000000 | D27: ='VIGENCIA ACTUAL '!R117 -> 5.5348303e+09 | E27: ='VIGENCIA ACTUAL '!S117 -> 4.016219e+09 | F27: ='VIGENCIA ACTUAL '!T117 -> 1.5122398e+09 | G27: ='VIGENCIA ACTUAL '!V117 -> 1.5122398e+09 | H27: =D27/C27 -> 0.92247172 | I27: =E27/C27 -> 0.66936984 | J27: =F27/C27 -> 0.25203997 | K27: =G27/C27 -> 0.25203997
A28: C-4399-1604-8-53105B | B28: ='VIGENCIA ACTUAL '!J120 -> 5. CONVERGENCIA REGIONAL / B. ENTIDADES PÚBLICAS TERRITORIALES Y NACIONALES FORTALECIDAS | C28: ='VIGENCIA ACTUAL '!P120 -> 7848000000 | D28: ='VIGENCIA ACTUAL '!R120 -> 7.2290265e+09 | E28: ='VIGENCIA ACTUAL '!S120 -> 7.1336384e+09 | F28: ='VIGENCIA ACTUAL '!T120 -> 4.9036657e+09 | G28: ='VIGENCIA ACTUAL '!V120 -> 4.9036657e+09 | H28: =D28/$C$28 -> 0.92112978 | I28: =E28/$C$28 -> 0.90897533 | J28: =F28/$C$28 -> 0.62482998 | K28: =G28/$C$28 -> 0.62482998
A29: C-4399-1604-10-53105B | B29: ='VIGENCIA ACTUAL '!J123 -> 5. CONVERGENCIA REGIONAL / B. ENTIDADES PÚBLICAS TERRITORIALES Y NACIONALES FORTALECIDAS | C29: ='VIGENCIA ACTUAL '!P123 -> 4052000000 | D29: ='VIGENCIA ACTUAL '!R123 -> 4024101750 | E29: ='VIGENCIA ACTUAL '!S123 -> 2398841768 | F29: ='VIGENCIA ACTUAL '!T123 -> 1.5835135e+09 | G29: ='VIGENCIA ACTUAL '!V123 -> 1.5835135e+09 | H29: =D29/$C$29 -> 0.99311494 | I29: =E29/$C$29 -> 0.59201426 | J29: =F29/$C$29 -> 0.39079801 | K29: =G29/$C$29 -> 0.39079801
C32: APROPIACIÓN VIGENTE | D32: PORCENTAJE | G32: COMPROMISO ACUMULADOS | H32: OBLIGACIÓN ACUMULADOS | I32: PAGOS ACUMULADOS
B33: FUNCIONAMIENTO | C33: =+C5 -> 67600696578 | D33: =C33/$C$35 -> 0.14456928 | G33: =+E3 -> 3.5304122e+11 | H33: =+F3 -> 2.3087623e+11 | I33: =+G3 -> 2.3087623e+11
B34: INVERSIÓN | C34: =+C6 -> 400000000000 | D34: =C34/$C$35 -> 0.85543072
B35: TOTAL | C35: =SUM(C33:C34) -> 467600696578 | D35: =SUM(D33:D34) -> 1
A237: EJECUCIÓN DEL PRESUPUESTO DE INVERSIÓN NACIÓN
A238: Por Proyectos de Inversión
A239: Expresado en millones de pesos
A241: RUBRO | B241: DESCRIPCIÓN | C241: APROPIACIÓN VIGENTE | D241: COMPROMISO | E241: % | F241: OBLIGACIÓN | G241: % | H241: PAGOS | I241: %
A242: C-4301-1604-13-20203B | B242: =B18 -> 2. SEGURIDAD HUMANA Y JUSTICIA SOCIAL / B. RESIGNIFICACIÓN DE LA JORNADA ESCOLAR: MÁS QUE TIEMPO | C242: =C18 -> 80000000000 | D242: =E18 -> 74286984221 | E242: =I18 -> 0.9285873 | F242: =F18 -> 4.7450843e+10 | G242: =J18 -> 0.59313554 | H242: =G18 -> 4.7450843e+10 | I242: =K18 -> 0.59313554
A243: C-4301-1604-14-20303A | B243: =B19 -> 2. SEGURIDAD HUMANA Y JUSTICIA SOCIAL / A. DEMOCRATIZAR EL ACCESO DE LA POBLACIÓN AL DEPORTE, LA RECREACIÓN Y LA ACTIVIDAD FÍSICA | C243: =C19 -> 41017078763 | D243: =E19 -> 3.6855089e+10 | E243: =I19 -> 0.89853033 | F243: =F19 -> 1.7457297e+10 | G243: =J19 -> 0.42561044 | H243: =G19 -> 1.7457297e+10 | I243: =K19 -> 0.42561044
A244: C-4302-1604-20-20303D | B244: =B20 -> 2. SEGURIDAD HUMANA/D. SISTEMA DE INFORMACIÓN DEL DEPORTE, LA RECREACIÓN Y LA ACTIVIDAD FÍSICA | C244: =C20 -> 1345730309 | D244: =E20 -> 1061830767 | E244: =I20 -> 0.78903682 | F244: =F20 -> 863448985 | G244: =J20 -> 0.64162112 | H244: =G20 -> 863448985 | I244: =K20 -> 0.64162112
A245: C-4302-1604-23-20303A | B245: =B21 -> 2. SEGURIDAD HUMANA Y JUSTICIA SOCIAL / A. DEMOCRATIZAR EL ACCESO DE LA POBLACIÓN AL DEPORTE, LA RECREACIÓN Y LA ACTIVIDAD FÍSICA | C245: =C21 -> 2691460619 | D245: =E21 -> 2569269955 | E245: =I21 -> 0.95460061 | F245: =F21 -> 1.9203967e+09 | G245: =J21 -> 0.71351468 | H245: =G21 -> 1.9203967e+09 | I245: =K21 -> 0.71351468
A246: C-4302-1604-24-20303E | B246: =B22 -> 2. SEGURIDAD HUMANA Y JUSTICIA SOCIAL / E. ATLETAS Y PARATLETAS COMO EMBAJADORES DE PAZ EN EL MUNDO | C246: =C22 -> 2345730309 | D246: =E22 -> 1350501012 | E246: =I22 -> 0.57572731 | F246: =F22 -> 1.3098478e+09 | G246: =J22 -> 0.55839658 | H246: =G22 -> 1.3098478e+09 | I246: =K22 -> 0.55839658
A247: C-4302-1604-26-20303E | B247: =B23 -> 2. SEGURIDAD HUMANA Y JUSTICIA SOCIAL / E. ATLETAS Y PARATLETAS COMO EMBAJADORES DE PAZ EN EL MUNDO | C247: =C23 -> 118673530652 | D247: =E23 -> 9.3565887e+10 | E247: =I23 -> 0.78843097 | F247: =F23 -> 7.5418722e+10 | G247: =J23 -> 0.63551426 | H247: =G23 -> 7.5418722e+10 | I247: =K23 -> 0.63551426
A248: RUBRO | B248: DESCRIPCIÓN | C248: APROPIACIÓN VIGENTE | D248: COMPROMISO | E248: % | F248: OBLIGACIÓN | G248: % | H248: PAGOS | I248: %
A249: C-4399-1604-27-20303E | B249: =B24 -> 2. SEGURIDAD HUMANA Y JUSTICIA SOCIAL / E. ATLETAS Y PARATLETAS COMO EMBAJADORES DE PAZ EN EL MUNDO | C249: =C24 -> 700000000 | D249: =E24 -> 164202578 | E249: =I24 -> 0.23457511 | F249: =F24 -> 15466666 | G249: =J24 -> 0.022095237 | H249: =G24 -> 15466666 | I249: =K24 -> 0.022095237
A250: C-4399-1604-28-20303A | B250: =B25 -> 2. SEGURIDAD HUMANA Y JUSTICIA SOCIAL / A. DEMOCRATIZAR EL ACCESO DE LA POBLACIÓN AL DEPORTE, LA RECREACIÓN Y LA ACTIVIDAD FÍSICA | C250: =C25 -> 100000000000 | D250: =E25 -> 6.1716937e+10 | E250: =I25 -> 0.61716937 | F250: =F25 -> 2.2820393e+10 | G250: =J25 -> 0.22820393 | H250: =G25 -> 2.2820393e+10 | I250: =K25 -> 0.22820393
A251: C-4399-1604-29-20303F | B251: =B26 -> 2. SEGURIDAD HUMANA Y JUSTICIA SOCIAL / F. EL DEPORTE, LA RECREACIÓN Y LA ACTIVIDAD FÍSICA COMO EJE DE LA ECONOMÍA POPULAR | C251: =C26 -> 35326469348 | D251: =E26 -> 3.1686717e+10 | E251: =I26 -> 0.89696813 | F251: =F26 -> 2.2394767e+10 | G251: =J26 -> 0.6339373 | H251: =G26 -> 2.2394767e+10 | I251: =K26 -> 0.6339373
A252: C-4399-1604-7-20303D | B252: =B27 -> 2. SEGURIDAD HUMANA Y JUSTICIA SOCIAL / D. SISTEMA DE INFORMACIÓN DEL DEPORTE, LA RECREACIÓN Y LA ACTIVIDAD FÍSICA | C252: =C27 -> 6000000000 | D252: =E27 -> 4.016219e+09 | E252: =I27 -> 0.66936984 | F252: =F27 -> 1.5122398e+09 | G252: =J27 -> 0.25203997 | H252: =G27 -> 1.5122398e+09 | I252: =K27 -> 0.25203997
A253: C-4399-1604-8-53105B | B253: =B28 -> 5. CONVERGENCIA REGIONAL / B. ENTIDADES PÚBLICAS TERRITORIALES Y NACIONALES FORTALECIDAS | C253: =C28 -> 7848000000 | D253: =E28 -> 7.1336384e+09 | E253: =I28 -> 0.90897533 | F253: =F28 -> 4.9036657e+09 | G253: =J28 -> 0.62482998 | H253: =G28 -> 4.9036657e+09 | I253: =K28 -> 0.62482998
A254: C-4399-1604-10-53105B | B254: =B29 -> 5. CONVERGENCIA REGIONAL / B. ENTIDADES PÚBLICAS TERRITORIALES Y NACIONALES FORTALECIDAS | C254: =C29 -> 4052000000 | D254: =E29 -> 2398841768 | E254: =I29 -> 0.59201426 | F254: =F29 -> 1.5835135e+09 | G254: =J29 -> 0.39079801 | H254: =G29 -> 1.5835135e+09 | I254: =K29 -> 0.39079801
A255: TOTAL | C255: =SUM(C242:C254) -> 400000000000 | D255: =SUM(D242:D254) -> 3.1680612e+11 | E255: =D255/C255 -> 0.7920153 | F255: =SUM(F242:F254) -> 1.976506e+11 | G255: =F255/C255 -> 0.4941265 | H255: =SUM(H242:H254) -> 1.976506e+11 | I255: =H255/C255 -> 0.4941265

Sheet RESERVAS NO PUBLICAR
A6: INFORME DE RESERVA PRESUPUESTAL
B8: SECCION: | D8: 4301
B9: UNIDAD EJECUTORA: | D9: 430101
B10: AÑO FISCAL: | D10: 2021
B11: PERIODO: | D11: MARZO
A13: IDENTIFICACIÓN PRESUPUESTAL | K13: NOMBRE DEL RUBRO | L13: COMPROMISO ACUMULADOS CONSTITUCIÓN | M13: LIBERACIONES | N13: COMPROMISO ACUMULADOS VIGENTES | O13: OBLIGACIÓN ACUMULADOS | P13: ORDEN PAGO ACUMULADOS | Q13: PAGOS ACUMULADOS | R13: % EJECUCIÓN
A14: Tipo Presupuesto | B14: Cuenta / Programa | C14: Subcuenta / Subprograma | D14: Objeto / Proyecto | E14: Ordinal / Subproy | F14: SubOrdinal / Producto | G14: Item | H14: Rec | I14: FUENTE | J14: Situación
A15: A+C | K15: TOTAL RESERVAS | L15: =L16+L33 -> 2.0030452e+11 | M15: =M16+M33 -> -6.3423042e+08 | N15: =N16+N33 -> 1.9967029e+11 | O15: =O16+O33 -> 2.6378757e+10 | P15: =P16+P33 -> 1.7840573e+10 | Q15: =Q16+Q33 -> 1.7840573e+10 | R15: =O15/L15 -> 0.13169327
A16: A | K16: A- FUNCIONAMIENTO | L16: =L17+L26 -> 1.4819486e+09 | M16: =M17+M26 -> 0 | N16: =N17+N26 -> 1.4819486e+09 | O16: =O17+O26 -> 4.5093057e+08 | P16: =P17+P26 -> 4.502032e+08 | Q16: =Q17+Q26 -> 4.502032e+08 | R16: =O16/L16 -> 0.3042822
A17: A | B17: 02 | K17: ADQUISICIÓN DE BIENES Y SERVICIOS | L17: =L18 -> 2.2663983e+08 | M17: =M18 -> 0 | N17: =N18 -> 2.2663983e+08 | O17: =O18 -> 1.6601941e+08 | P17: =P18 -> 1.6529204e+08 | Q17: =Q18 -> 1.6529204e+08 | R17: =O17/L17 -> 0.73252529
A18: A | B18: 02 | C18: 02 | K18: ADQUISICIONES DIFERENTES DE ACTIVOS | L18: =L19+L22 -> 2.2663983e+08 | M18: =M19+M22 -> 0 | N18: =N19+N22 -> 2.2663983e+08 | O18: =O19+O22 -> 1.6601941e+08 | P18: =P19+P22 -> 1.6529204e+08 | Q18: =Q19+Q22 -> 1.6529204e+08 | R18: =O18/L18 -> 0.73252529
A19: A | B19: 02 | C19: 02 | D19: 01 | K19: MATERIALES Y SUMINISTROS | L19: =SUM(L20:L21) -> 29013385 | M19: =SUM(M20:M21) -> 0 | N19: =SUM(N20:N21) -> 29013385 | O19: =SUM(O20:O21) -> 6649869.4 | P19: =SUM(P20:P21) -> 6649869.4 | Q19: =SUM(Q20:Q21) -> 6649869.4 | R19: =O19/L19 -> 0.22920005
A20: A | B20: 02 | C20: 02 | D20: 01 | E20: 003 | H20: 10 | I20: Nación | J20: CSF | K20: OTROS BIENES TRANSPORTABLES (EXCEPTO PRODUCTOS METÁLICOS, MAQUINARIA Y EQUIPO) | L20: 22026385 | M20: =N20-L20 -> 0 | N20: 22026385 | O20: 4111885 | P20: 4111885 | Q20: 4111885 | R20: =O20/L20 -> 0.18667997
A21: A | B21: 02 | C21: 02 | D21: 01 | E21: 004 | H21: 10 | I21: Nación | J21: CSF | K21: PRODUCTOS METÁLICOS Y PAQUETES DE SOFTWARE | L21: 6987000 | M21: =N21-L21 -> 0 | N21: 6987000 | O21: 2537984.4 | P21: 2537984.4 | Q21: 2537984.4 | R21: =O21/L21 -> 0.3632438
A22: A | B22: 02 | C22: 02 | D22: 02 | K22: ADQUISICIÓN DE SERVICIOS | L22: =SUM(L23:L25) -> 1.9762645e+08 | M22: =SUM(M23:M25) -> 0 | N22: =SUM(N23:N25) -> 1.9762645e+08 | O22: =SUM(O23:O25) -> 1.5936954e+08 | P22: =SUM(P23:P25) -> 1.5864217e+08 | Q22: =SUM(Q23:Q25) -> 1.5864217e+08 | R22: =O22/L22 -> 0.80641808
A23: A | B23: 02 | C23: 02 | D23: 02 | E23: 006 | H23: 10 | I23: Nación | J23: CSF | K23: SERVICIOS DE ALOJAMIENTO; SERVICIOS DE SUMINISTRO DE COMIDAS Y BEBIDAS; SERVICIOS DE TRANSPORTE; Y SERVICIOS DE DISTRIBUCIÓN DE ELECTRICIDAD, GAS Y AGUA | L23: 113756 | M23: =N23-L23 -> 0 | N23: 113756 | O23: 113756 | P23: 113756 | Q23: 113756 | R23: =O23/L23 -> 1
A24: A | B24: 02 | C24: 02 | D24: 02 | E24: 008 | H24: 10 | I24: Nación | J24: CSF | K24: SERVICIOS PRESTADOS A LAS EMPRESAS Y SERVICIOS DE PRODUCCIÓN. | L24: 92759908 | M24: =N24-L24 -> 0 | N24: 92759908 | O24: 70926168 | P24: 70198795 | Q24: 70198795 | R24: =O24/L24 -> 0.76462093
A25: A | B25: 02 | C25: 02 | D25: 02 | E25: 009 | H25: 10 | I25: Nación | J25: CSF | K25: SERVICIOS PARA LA COMUNIDAD, SOCIALES Y PERSONALES | L25: 104752785 | M25: =N25-L25 -> 0 | N25: 104752785 | O25: 88329618 | P25: 88329618 | Q25: 88329618 | R25: =O25/L25 -> 0.84321976
A26: A | B26: 03 | K26: TRANSFERENCIAS CORRIENTES | L26: =+L27+L30 -> 1255308735 | M26: =+M27+M30 -> 0 | N26: =+N27+N30 -> 1255308735 | O26: =+O27+O30 -> 284911161 | P26: =+P27+P30 -> 284911161 | Q26: =+Q27+Q30 -> 284911161 | R26: =O26/L26 -> 0.22696501
A27: A | B27: 03 | C27: 03 | K27: A ENTIDADES DEL GOBIERNO | L27: =+L28 -> 85778 | N27: =+N28 -> 85778 | O27: =+O28 -> 85778 | P27: =+P28 -> 85778 | Q27: =+Q28 -> 85778 | R27: =O27/L27 -> 1
A28: A | B28: 03 | C28: 03 | D28: 04 | K28: A OTRAS ENTIDADES DEL GOBIERNO GENERAL | L28: =+L29 -> 85778 | M28: =+M29+M32 -> -6.3423042e+08 | N28: =+N29 -> 85778 | O28: =+O29 -> 85778 | P28: =+P29 -> 85778 | Q28: =+Q29 -> 85778 | R28: =O28/L28 -> 1
A29: A | B29: 03 | C29: 03 | D29: 04 | E29: 048 | K29: ESCUELA NACIONAL DEL DEPORTE - ART. 51 DECRETO 2845 DE 1984 | L29: 85778 | M29: =+M30+M33 -> -6.3423042e+08 | N29: 85778 | O29: 85778 | P29: 85778 | Q29: 85778 | R29: =O29/L29 -> 1
A30: A | B30: 03 | C30: 04 | K30: PRESTACIONES SOCIALES | L30: =L31 -> 1255222957 | M30: =M31 -> 0 | N30: =N31 -> 1255222957 | O30: =O31 -> 284825383 | P30: =P31 -> 284825383 | Q30: =Q31 -> 284825383 | R30: =O30/L30 -> 0.22691218
A31: A | B31: 03 | C31: 04 | D31: 02 | K31: PRESTACIONES SOCIALES RELACIONADAS CON EL EMPLEO | L31: =SUM(L32:L32) -> 1255222957 | M31: =SUM(M32:M32) -> 0 | N31: =SUM(N32:N32) -> 1255222957 | O31: =SUM(O32:O32) -> 284825383 | P31: =SUM(P32:P32) -> 284825383 | Q31: =SUM(Q32:Q32) -> 284825383 | R31: =O31/L31 -> 0.22691218
A32: A | B32: 03 | C32: 04 | D32: 02 | E32: 001 | H32: 10 | I32: Nación | J32: CSF | K32: MESADAS PENSIONALES (DE PENSIONES) | L32: 1255222957 | M32: =N32-L32 -> 0 | N32: 1255222957 | O32: 284825383 | P32: 284825383 | Q32: 284825383 | R32: =O32/L32 -> 0.22691218
A33: C | K33: C- INVERSIÓN | L33: =L34+L52+L84 -> 1.9882257e+11 | M33: =M34+M52+M84 -> -6.3423042e+08 | N33: =N34+N52+N84 -> 1.9818834e+11 | O33: =O34+O52+O84 -> 2.5927826e+10 | P33: =P34+P52+P84 -> 1.7390369e+10 | Q33: =Q34+Q52+Q84 -> 1.7390369e+10 | R33: =O33/L33 -> 0.13040685
A34: C | B34: 4301 | K34: FOMENTO A LA RECREACIÓN, LA ACTIVIDAD FÍSICA Y EL DEPORTE PARA DESARROLLAR ENTORNOS DE CONVIVENCIA Y PAZ | L34: =L35 -> 1.3376869e+10 | M34: =M35 -> -15568417 | N34: =N35 -> 1.3361301e+10 | O34: =O35 -> 3.3250287e+09 | P34: =P35 -> 3.260237e+09 | Q34: =Q35 -> 3.260237e+09 | R34: =O34/L34 -> 0.24856554
A35: C | B35: 4301 | C35: 1604 | K35: RECREACIÓN Y DEPORTE | L35: =L36+L38+L42+L46+L50 -> 1.3376869e+10 | M35: =M36+M38+M42+M46+M50 -> -15568417 | N35: =N36+N38+N42+N46+N50 -> 1.3361301e+10 | O35: =O36+O38+O42+O46+O50 -> 3.3250287e+09 | P35: =P36+P38+P42+P46+P50 -> 3.260237e+09 | Q35: =Q36+Q38+Q42+Q46+Q50 -> 3.260237e+09 | R35: =O35/L35 -> 0.24856554
A36: C | B36: 4301 | C36: 1604 | D36: 8 | H36: 11 | I36: Nación | J36: CSF | K36: APOYO A LA EDUCACIÓN FÍSICA EXTRAESCOLAR Y EL DEPORTE FORMATIVO PARA LA INFANCIA, ADOLESCENCIA Y JUVENTUD A NIVEL NACIONAL | L36: =SUM(L37) -> 7492757968 | M36: =SUM(M37) -> 0 | N36: =SUM(N37) -> 7492757968 | O36: =SUM(O37) -> 218985609 | P36: =SUM(P37) -> 217931334 | Q36: =SUM(Q37) -> 217931334 | R36: =O36/L36 -> 0.029226302
A37: C | B37: 4301 | C37: 1604 | D37: 8 | E37: 0 | F37: 4301037 | K37: SERVICIO DE PROMOCIÓN DE LA ACTIVIDAD FÍSICA, LA RECREACIÓN Y EL DEPORTE | L37: 7492757968 | M37: =N37-L37 -> 0 | N37: 7492757968 | O37: 218985609 | P37: 217931334 | Q37: 217931334 | R37: =O37/L37 -> 0.029226302
A38: C | B38: 4301 | C38: 1604 | D38: 9 | K38: DESARROLLO DE LA ACTIVIDAD FÍSICA Y LOS HÁBITOS Y ESTILOS DE VIDA SALUDABLE A NIVEL NACIONAL | L38: =SUM(L39:L41) -> 1088138127 | M38: =SUM(M39:M41) -> -592039 | N38: =SUM(N39:N41) -> 1087546088 | O38: =SUM(O39:O41) -> 269265809 | P38: =SUM(P39:P41) -> 257765809 | Q38: =SUM(Q39:Q41) -> 257765809 | R38: =O38/L38 -> 0.24745554
A39: C | B39: 4301 | C39: 1604 | D39: 9 | E39: 0 | F39: 4301034 | H39: 11 | I39: Nación | J39: CSF | K39: SERVICIO DE APOYO FINANCIERO A ORGANISMOS DEPORTIVOS | L39: 809318094 | M39: =N39-L39 -> -592039 | N39: 808726055 | O39: 169096576 | P39: 157596576 | Q39: 157596576 | R39: =O39/L39 -> 0.2089371
A40: C | B40: 4301 | C40: 1604 | D40: 9 | E40: 0 | F40: 4301035 | H40: 11 | I40: Nación | J40: CSF | K40: SERVICIO DE EDUCACIÓN INFORMAL EN RECREACIÓN | L40: 100169233 | M40: =N40-L40 -> 0 | N40: 100169233 | O40: 100169233 | P40: 100169233 | Q40: 100169233 | R40: =O40/L40 -> 1
A41: C | B41: 4301 | C41: 1604 | D41: 9 | E41: 0 | F41: 4301037 | H41: 11 | I41: Nación | J41: CSF | K41: SERVICIO DE PROMOCIÓN DE LA ACTIVIDAD FÍSICA, LA RECREACIÓN Y EL DEPORTE - | L41: 178650800 | M41: =N41-L41 -> 0 | N41: 178650800 | O41: 0 | P41: 0 | Q41: 0
A42: C | B42: 4301 | C42: 1604 | D42: 10 | K42: DESARROLLO DE LA RECREACIÓN A NIVEL NACIONAL | L42: =SUM(L43:L45) -> 665780015 | M42: =SUM(M43:M45) -> 0 | N42: =SUM(N43:N45) -> 665780015 | O42: =SUM(O43:O45) -> 28824710 | P42: =SUM(P43:P45) -> 28824710 | Q42: =SUM(Q43:Q45) -> 28824710 | R42: =O42/L42 -> 0.043294646
A43: C | B43: 4301 | C43: 1604 | D43: 10 | E43: 0 | F43: 4301034 | H43: 11 | I43: Nación | J43: CSF | K43: SERVICIO DE APOYO FINANCIERO A ORGANISMOS DEPORTIVOS | L43: 317415873 | M43: =N43-L43 -> 0 | N43: 317415873 | O43: 0 | P43: 0 | Q43: 0 | R43: =O43/L43 -> 0
A44: C | B44: 4301 | C44: 1604 | D44: 10 | E44: 0 | F44: 4301035 | H44: 11 | I44: Nación | J44: CSF | K44: SERVICIO DE EDUCACIÓN INFORMAL EN RECREACIÓN | L44: 13736000 | M44: =N44-L44 -> 0 | N44: 13736000 | O44: 13574710 | P44: 13574710 | Q44: 13574710 | R44: =O44/L44 -> 0.98825786
A45: C | B45: 4301 | C45: 1604 | D45: 10 | E45: 0 | F45: 4301037 | H45: 11 | I45: Nación | J45: CSF | K45: SERVICIO DE PROMOCIÓN DE LA ACTIVIDAD FÍSICA, LA RECREACIÓN Y EL DEPORTE | L45: 334628142 | M45: =N45-L45 -> 0 | N45: 334628142 | O45: 15250000 | P45: 15250000 | Q45: 15250000 | R45: =O45/L45 -> 0.045572975
A46: C | B46: 4301 | C46: 1604 | D46: 11 | K46: DESARROLLO AL DEPORTE SOCIAL COMUNITARIO NACIONAL | L46: =SUM(L47:L49) -> 3.1283105e+09 | M46: =SUM(M47:M49) -> -10123078 | N46: =SUM(N47:N49) -> 3.1181874e+09 | O46: =SUM(O47:O49) -> 2.7667936e+09 | P46: =SUM(P47:P49) -> 2.7318682e+09 | Q46: =SUM(Q47:Q49) -> 2.7318682e+09 | R46: =O46/L46 -> 0.884437
A47: C | B47: 4301 | C47: 1604 | D47: 11 | E47: 0 | F47: 4301001 | H47: 11 | I47: Nación | J47: CSF | K47: SERVICIO DE APOYO A LA ACTIVIDAD FÍSICA, LA RECREACIÓN Y EL DEPORTE | L47: 28421162 | M47: =N47-L47 -> 0 | N47: 28421162 | O47: 8244278 | P47: 6619868 | Q47: 6619868 | R47: =O47/L47 -> 0.29007533
A48: C | B48: 4301 | C48: 1604 | D48: 11 | E48: 0 | F48: 4301034 | H48: 11 | I48: Nación | J48: CSF | K48: SERVICIO DE APOYO FINANCIERO A ORGANISMOS DEPORTIVOS | L48: 3.0059493e+09 | M48: =N48-L48 -> -10123078 | N48: 2.9958263e+09 | O48: 2.6946093e+09 | P48: 2.6613084e+09 | Q48: 2.6613084e+09 | R48: =O48/L48 -> 0.89642538
A49: C | B49: 4301 | C49: 1604 | D49: 11 | E49: 0 | F49: 4301037 | H49: 11 | I49: Nación | J49: CSF | K49: SERVICIO DE PROMOCIÓN DE LA ACTIVIDAD FÍSICA, LA RECREACIÓN Y EL DEPORTE | L49: 93940000 | M49: =N49-L49 -> 0 | N49: 93940000 | O49: 63940000 | P49: 63940000 | Q49: 63940000 | R49: =O49/L49 -> 0.68064722
A50: C | B50: 4301 | C50: 1604 | D50: 12 | H50: 11 | I50: Nación | J50: CSF | K50: DESARROLLO DEL DEPORTE ESCOLAR COMO HERRAMIENTA DE CONVIVENCIA Y PAZ NACIONAL | L50: =SUM(L51) -> 1001882508 | M50: =SUM(M51) -> -4853300 | N50: =SUM(N51) -> 997029208 | O50: =SUM(O51) -> 41158979 | P50: =SUM(P51) -> 23846879 | Q50: =SUM(Q51) -> 23846879 | R50: =O50/L50 -> 0.041081642
A51: C | B51: 4301 | C51: 1604 | D51: 12 | E51: 0 | F51: 4301007 | K51: SERVICIO DE ESCUELAS DEPORTIVAS | L51: 1001882508 | M51: =N51-L51 -> -4853300 | N51: 997029208 | O51: 41158979 | P51: 23846879 | Q51: 23846879 | R51: =O51/L51 -> 0.041081642
A52: C | B52: 4302 | K52: FORMACIÓN Y PREPARACIÓN DE DEPORTISTAS | L52: =L53 -> 1.801509e+11 | M52: =M53 -> -618662000 | N52: =N53 -> 1.7953224e+11 | O52: =O53 -> 1.9821746e+10 | P52: =P53 -> 1.1527895e+10 | Q52: =Q53 -> 1.1527895e+10 | R52: =O52/L52 -> 0.11002857
A53: C | B53: 4302 | C53: 1604 | K53: RECREACIÓN Y DEPORTE | L53: =L54+L57+L59+L64+L70+L72+L74+L76+L79+L82 -> 1.801509e+11 | M53: =M54+M57+M59+M64+M70+M72+M74+M76+M79+M82 -> -618662000 | N53: =N54+N57+N59+N64+N70+N72+N74+N76+N79+N82 -> 1.7953224e+11 | O53: =O54+O57+O59+O64+O70+O72+O74+O76+O79+O82 -> 1.9821746e+10 | P53: =P54+P57+P59+P64+P70+P72+P74+P76+P79+P82 -> 1.1527895e+10 | Q53: =Q54+Q57+Q59+Q64+Q70+Q72+Q74+Q76+Q79+Q82 -> 1.1527895e+10 | R53: =O53/L53 -> 0.11002857
A54: C | B54: 4302 | C54: 1604 | D54: 16 | K54: APOYO A LA INFRAESTRUCTURA DEPORTIVA, RECREATIVA Y DE LA ACTIVIDAD FÍSICA A NIVEL NACIONAL | L54: =SUM(L55:L56) -> 7.2049083e+10 | M54: =SUM(M55:M56) -> 0 | N54: =SUM(N55:N56) -> 7.2049083e+10 | O54: =SUM(O55:O56) -> 8.7958313e+09 | P54: =SUM(P55:P56) -> 1.133682e+09 | Q54: =SUM(Q55:Q56) -> 1.133682e+09 | R54: =O54/L54 -> 0.1220811
A55: C | B55: 4302 | C55: 1604 | D55: 16 | E55: 0 | F55: 4302071 | H55: 10 | I55: Nación | J55: CSF | K55: SERVICIO DE APOYO FINANCIERO PARA EL FOMENTO DE LA INFRAESTRUCTURA DEPORTIVA | L55: 9.6192378e+09 | M55: =N55-L55 -> 0 | N55: 9.6192378e+09 | O55: 6.6980897e+08 | P55: 5.5906257e+08 | Q55: 5.5906257e+08 | R55: =O55/L55 -> 0.069632229
A56: C | B56: 4302 | C56: 1604 | D56: 16 | E56: 0 | F56: 4302071 | H56: 11 | I56: Nación | J56: CSF | K56: SERVICIO DE APOYO FINANCIERO PARA EL FOMENTO DE LA INFRAESTRUCTURA DEPORTIVA | L56: 62429845647 | M56: =N56-L56 -> 0 | N56: 62429845647 | O56: 8126022306 | P56: 574619457 | Q56: 574619457 | R56: =O56/L56 -> 0.13016246
A57: C | B57: 4302 | C57: 1604 | D57: 17 | K57: APOYO A LA INFRAESTRUCTURA DE ALTA COMPETENCIA A NIVEL NACIONAL | L57: =SUM(L58) -> 69042581454 | M57: =SUM(M58) -> 0 | N57: =SUM(N58) -> 69042581454 | O57: =SUM(O58) -> 1615000 | P57: =SUM(P58) -> 1615000 | Q57: =SUM(Q58) -> 1615000 | R57: =O57/L57 -> 2.3391362e-05
A58: C | B58: 4302 | C58: 1604 | D58: 17 | E58: 0 | F58: 4302071 | H58: 11 | I58: Nación | J58: CSF | K58: SERVICIO DE APOYO FINANCIERO PARA EL FOMENTO DE LA INFRAESTRUCTURA DEPORTIVA | L58: 69042581454 | M58: =N58-L58 -> 0 | N58: 69042581454 | O58: 1615000 | P58: 1615000 | Q58: 1615000 | R58: =O58/L58 -> 2.3391362e-05
A59: C | B59: 4302 | C59: 1604 | D59: 18 | K59: DESARROLLO DEL SISTEMA PARALÍMPICO PARA EL POSICIONAMIENTO Y LIDERAZGO DEPORTIVO NACIONAL | L59: =SUM(L60:L63) -> 4021090197 | M59: =SUM(M60:M63) -> -8700000 | N59: =SUM(N60:N63) -> 4012390197 | O59: =SUM(O60:O63) -> 577339967 | P59: =SUM(P60:P63) -> 427339967 | Q59: =SUM(Q60:Q63) -> 427339967 | R59: =O59/L59 -> 0.14357797
A60: C | B60: 4302 | C60: 1604 | D60: 18 | E60: 0 | F60: 4302001 | H60: 11 | I60: Nación | J60: CSF | K60: SERVICIO DE PREPARACIÓN DEPORTIVA | L60: 3300000000 | M60: =N60-L60 -> 0 | N60: 3300000000 | O60: 150000000 | P60: 0 | Q60: 0 | R60: =O60/L60 -> 0.045454545
A61: C | B61: 4302 | C61: 1604 | D61: 18 | E61: 0 | F61: 4302002 | H61: 11 | I61: Nación | J61: CSF | K61: SERVICIO DE APOYO FINANCIERO A ATLETAS | L61: 61694642 | M61: =N61-L61 -> 0 | N61: 61694642 | O61: 61694642 | P61: 61694642 | Q61: 61694642 | R61: =O61/L61 -> 1
A62: C | B62: 4302 | C62: 1604 | D62: 18 | E62: 0 | F62: 4302003 | H62: 11 | I62: Nación | J62: CSF | K62: SERVICIO DE ATENCIÓN MÉDICA ESPECIALIZADA | L62: 363149325 | M62: =N62-L62 -> 0 | N62: 363149325 | O62: 363149325 | P62: 363149325 | Q62: 363149325 | R62: =O62/L62 -> 1
A63: C | B63: 4302 | C63: 1604 | D63: 18 | E63: 0 | F63: 4302075 | H63: 11 | K63: SERVICIO DE ASISTENCIA TÉCNICA PARA LA PROMOCIÓN DEL DEPORTE | L63: 296246230 | M63: =N63-L63 -> -8700000 | N63: 287546230 | O63: 2496000 | P63: 2496000 | Q63: 2496000 | R63: =O63/L63 -> 0.0084254237
A64: C | B64: 4302 | C64: 1604 | D64: 19 | J64: CSF | K64: DESARROLLO AL DEPORTE DEL SISTEMA OLÍMPICO Y CONVENCIONAL PARA EL POSICIONAMIENTO Y LIDERAZGO DEPORTIVO NACIONAL | L64: =SUM(L65:L69) -> 2.656424e+10 | M64: =SUM(M65:M69) -> -609962000 | N64: =SUM(N65:N69) -> 2.5954278e+10 | O64: =SUM(O65:O69) -> 8.3146353e+09 | P64: =SUM(P65:P69) -> 7.847715e+09 | Q64: =SUM(Q65:Q69) -> 7.847715e+09 | R64: =O64/L64 -> 0.31300106
A65: C | B65: 4302 | C65: 1604 | D65: 19 | E65: 0 | F65: 4302001 | H65: 10 | I65: Nación | J65: CSF | K65: SERVICIO DE PREPARACIÓN DEPORTIVA - | L65: 1665154426 | M65: =N65-L65 -> 0 | N65: 1665154426 | O65: 1665154426 | P65: 1665154426 | Q65: 1665154426 | R65: =O65/L65 -> 1
A66: C | B66: 4302 | C66: 1604 | D66: 19 | E66: 0 | F66: 4302001 | H66: 11 | I66: Nación | J66: CSF | K66: SERVICIO DE PREPARACIÓN DEPORTIVA | L66: 15780616670 | M66: =N66-L66 -> 0 | N66: 15780616670 | O66: 2090528524 | P66: 2090528524 | Q66: 2090528524 | R66: =O66/L66 -> 0.13247445
A67: C | B67: 4302 | C67: 1604 | D67: 19 | E67: 0 | F67: 4302002 | H67: 10 | I67: Nación | J67: CSF | K67: SERVICIO DE APOYO FINANCIERO A ATLETAS | L67: 5.361085e+08 | M67: =N67-L67 -> 0 | N67: 5.361085e+08 | O67: 5.361085e+08 | P67: 5.361085e+08 | Q67: 5.361085e+08 | R67: =O67/L67 -> 1
A68: C | B68: 4302 | C68: 1604 | D68: 19 | E68: 0 | F68: 4302003 | H68: 10 | I68: Nación | J68: CSF | K68: SERVICIO DE ATENCIÓN MÉDICA ESPECIALIZADA | L68: 978319074 | M68: =N68-L68 -> -4385776 | N68: 973933298 | O68: 951345985 | P68: 939339985 | Q68: 939339985 | R68: =O68/L68 -> 0.97242915
A69: C | B69: 4302 | C69: 1604 | D69: 19 | E69: 0 | F69: 4302075 | H69: 10 | I69: Nación | J69: CSF | K69: SERVICIO DE ASISTENCIA TÉCNICA PARA LA PROMOCIÓN DEL DEPORTE | L69: 7.6040413e+09 | M69: =N69-L69 -> -605576224 | N69: 6.9984651e+09 | O69: 3.0714979e+09 | P69: 2.6165835e+09 | Q69: 2.6165835e+09 | R69: =O69/L69 -> 0.40392967
A70: C | B70: 4302 | C70: 1604 | D70: 20 | K70: DESARROLLO DE POLÍTICAS PÚBLICAS E INVESTIGACIÓN SECTORIAL A NIVEL NACIONAL | L70: =SUM(L71) -> 135773 | M70: =SUM(M71) -> 0 | N70: =SUM(N71) -> 135773 | O70: =SUM(O71) -> 135773 | P70: =SUM(P71) -> 135773 | Q70: =SUM(Q71) -> 135773 | R70: =O70/L70 -> 1
A71: C | B71: 4302 | C71: 1604 | D71: 20 | E71: 0 | F71: 4302009 | H71: 11 | I71: Nación | J71: CSF | K71: DOCUMENTOS DE LINEAMIENTOS TÉCNICOS | L71: 135773 | M71: =N71-L71 -> 0 | N71: 135773 | O71: 135773 | P71: 135773 | Q71: 135773 | R71: =O71/L71 -> 1
A72: C | B72: 4302 | C72: 1604 | D72: 21 | K72: ASISTENCIA A LA COOPERACIÓN INTERNACIONAL DEL SECTOR A NIVEL NACIONAL | L72: =SUM(L73) -> 38552040 | M72: =SUM(M73) -> 0 | N72: =SUM(N73) -> 38552040 | O72: =SUM(O73) -> 12398049 | P72: =SUM(P73) -> 0 | Q72: =SUM(Q73) -> 0 | R72: =O72/L72 -> 0.32159255
A73: C | B73: 4302 | C73: 1604 | D73: 21 | E73: 0 | F73: 4302008 | H73: 11 | I73: Nación | J73: CSF | K73: SERVICIO DE POSICIONAMIENTO INSTITUCIONAL | L73: 38552040 | M73: =N73-L73 -> 0 | N73: 38552040 | O73: 12398049 | P73: 0 | Q73: 0 | R73: =O73/L73 -> 0.32159255
A74: C | B74: 4302 | C74: 1604 | D74: 22 | K74: APOYO A LA ORGANIZACIÓN DE EVENTOS DEPORTIVOS PARA LA PREPARACIÓN DE ATLETAS Y LA PROMOCIÓN DEL DEPORTE NACIONAL | L74: =SUM(L75:L75) -> 5633650618 | M74: =SUM(M75:M75) -> 0 | N74: =SUM(N75:N75) -> 5633650618 | O74: =SUM(O75:O75) -> 734229975 | P74: =SUM(P75:P75) -> 731846625 | Q74: =SUM(Q75:Q75) -> 731846625 | R74: =O74/L74 -> 0.13032934
A75: C | B75: 4302 | C75: 1604 | D75: 22 | E75: 0 | F75: 4302004 | H75: 11 | I75: Nación | J75: CSF | K75: SERVICIO DE ORGANIZACIÓN DE EVENTOS DEPORTIVOS DE ALTO RENDIMIENTO | L75: 5633650618 | M75: =N75-L75 -> 0 | N75: 5633650618 | O75: 734229975 | P75: 731846625 | Q75: 731846625 | R75: =O75/L75 -> 0.13032934
A76: C | B76: 4302 | C76: 1604 | D76: 23 | K76: APOYO A LA INSPECCIÓN, VIGILANCIA Y CONTROL A NIVEL NACIONAL | L76: =SUM(L77:L78) -> 107884720 | M76: =SUM(M77:M78) -> 0 | N76: =SUM(N77:N78) -> 107884720 | O76: =SUM(O77:O78) -> 38352181 | P76: =SUM(P77:P78) -> 38352181 | Q76: =SUM(Q77:Q78) -> 38352181 | R76: =O76/L76 -> 0.35549224
A77: C | B77: 4302 | C77: 1604 | D77: 23 | E77: 0 | F77: 4302075 | H77: 11 | I77: Nación | J77: CSF | K77: SERVICIO DE ASISTENCIA TÉCNICA PARA LA PROMOCIÓN DEL DEPORTE | L77: 6500000 | M77: =N77-L77 -> 0 | N77: 6500000 | O77: 6500000 | P77: 6500000 | Q77: 6500000 | R77: =O77/L77 -> 1
A78: C | B78: 4302 | C78: 1604 | D78: 23 | E78: 0 | F78: 4302076 | H78: 11 | I78: Nación | J78: CSF | K78: SERVICIO DE INSPECCIÓN, VIGILANCIA Y CONTROL AL SISTEMA NACIONAL DEL DEPORTE | L78: 101384720 | M78: =N78-L78 -> 0 | N78: 101384720 | O78: 31852181 | P78: 31852181 | Q78: 31852181 | R78: =O78/L78 -> 0.31417142
A79: C | B79: 4302 | C79: 1604 | D79: 24 | K79: APOYO AL PROGRAMA AL CONTROL DOPAJE NACIONAL | L79: =SUM(L80:L81) -> 951490662 | M79: =SUM(M80:M81) -> 0 | N79: =SUM(N80:N81) -> 951490662 | O79: =SUM(O80:O81) -> 856341595 | P79: =SUM(P80:P81) -> 856341595 | Q79: =SUM(Q80:Q81) -> 856341595 | R79: =O79/L79 -> 0.9
A80: C | B80: 4302 | C80: 1604 | D80: 24 | E80: 0 | F80: 4302062 | H80: 11 | I80: Nación | J80: CSF | K80: SERVICIO DE EDUCACIÓN INFORMAL | L80: 24985500 | M80: =N80-L80 -> 0 | N80: 24985500 | O80: 22486950 | P80: 22486950 | Q80: 22486950 | R80: =O80/L80 -> 0.9
A81: C | B81: 4302 | C81: 1604 | D81: 24 | E81: 0 | F81: 4302078 | H81: 11 | I81: Nación | J81: CSF | K81: SERVICIO DE CONTROL DE DOPAJE | L81: 926505162 | M81: =N81-L81 -> 0 | N81: 926505162 | O81: 833854645 | P81: 833854645 | Q81: 833854645 | R81: =O81/L81 -> 0.9
A82: C | B82: 4302 | C82: 1604 | D82: 25 | H82: 11 | I82: Nación | J82: CSF | K82: DESARROLLO AL LABORATORIO DEL CONTROL AL DOPAJE NACIONAL | L82: =L83 -> 1742189231 | M82: =M83 -> 0 | N82: =N83 -> 1742189231 | O82: =O83 -> 490867214 | P82: =P83 -> 490867214 | Q82: =Q83 -> 490867214 | R82: =O82/L82 -> 0.2817531
A83: C | B83: 4302 | C83: 1604 | D83: 25 | E83: 0 | F83: 4302077 | H83: 11 | I83: Nación | J83: CSF | K83: SERVICIO DE ANÁLISIS DE MUESTRAS | L83: 1742189231 | M83: =N83-L83 -> 0 | N83: 1742189231 | O83: 490867214 | P83: 490867214 | Q83: 490867214 | R83: =O83/L83 -> 0.2817531
A84: C | B84: 4399 | K84: FORTALECIMIENTO DE LA GESTIÓN Y DIRECCIÓN DEL SECTOR DEPORTE Y RECREACIÓN | L84: =L85 -> 5.2948066e+09 | M84: =M85 -> -0.99000001 | N84: =N85 -> 5.2948066e+09 | O84: =O85 -> 2.7810512e+09 | P84: =P85 -> 2.6022371e+09 | Q84: =Q85 -> 2.6022371e+09 | R84: =O84/L84 -> 0.52524132
A85: C | B85: 4399 | C85: 1604 | K85: RECREACIÓN Y DEPORTE | L85: =L86+L88+L90 -> 5.2948066e+09 | M85: =M86+M88+M90 -> -0.99000001 | N85: =N86+N88+N90 -> 5.2948066e+09 | O85: =O86+O88+O90 -> 2.7810512e+09 | P85: =P86+P88+P90 -> 2.6022371e+09 | Q85: =Q86+Q88+Q90 -> 2.6022371e+09 | R85: =O85/L85 -> 0.52524132
A86: C | B86: 4399 | C86: 1604 | D86: 7 | K86: IMPLEMENTACIÓN DE LAS TECNOLOGÍAS DE LA INFORMACIÓN Y COMUNICACIÓN PARA EL SISTEMA NACIONAL DEL DEPORTE A NIVEL NACIONAL | L86: =SUM(L87) -> 2.0543911e+09 | M86: =SUM(M87) -> -0.99000001 | N86: =SUM(N87) -> 2.0543911e+09 | O86: =SUM(O87) -> 1.5470345e+09 | P86: =SUM(P87) -> 1.4984124e+09 | Q86: =SUM(Q87) -> 1.4984124e+09 | R86: =O86/L86 -> 0.75303794
A87: C | B87: 4399 | C87: 1604 | D87: 7 | E87: 0 | F87: 4399062 | H87: 11 | I87: Nación | J87: CSF | K87: SERVICIOS TECNOLÓGICOS | L87: 2.0543911e+09 | M87: =N87-L87 -> -0.99000001 | N87: 2.0543911e+09 | O87: 1.5470345e+09 | P87: 1.4984124e+09 | Q87: 1.4984124e+09 | R87: =O87/L87 -> 0.75303794
A88: C | B88: 4399 | C88: 1604 | D88: 8 | K88: MEJORAMIENTO SEDES COLDEPORTES BOGOTÁ | L88: =SUM(L89) -> 2.8362492e+09 | M88: =SUM(M89) -> 0 | N88: =SUM(N89) -> 2.8362492e+09 | O88: =SUM(O89) -> 9.1461292e+08 | P88: =SUM(P89) -> 7.8636736e+08 | Q88: =SUM(Q89) -> 7.8636736e+08 | R88: =O88/L88 -> 0.32247269
A89: C | B89: 4399 | C89: 1604 | D89: 8 | E89: 0 | F89: 4399016 | H89: 11 | I89: Nación | J89: CSF | K89: SEDES MANTENIDAS | L89: 2.8362492e+09 | M89: =N89-L89 -> 0 | N89: 2.8362492e+09 | O89: 9.1461292e+08 | P89: 7.8636736e+08 | Q89: 7.8636736e+08 | R89: =O89/L89 -> 0.32247269
A90: C | B90: 4399 | C90: 1604 | D90: 9 | K90: APOYO AL FORTALECIMIENTO DEL SECTOR A NIVEL NACIONAL | L90: =SUM(L91:L93) -> 4.0416629e+08 | M90: =SUM(M91:M93) -> 0 | N90: =SUM(N91:N93) -> 4.0416629e+08 | O90: =SUM(O91:O93) -> 3.1940385e+08 | P90: =SUM(P91:P93) -> 3.1745732e+08 | Q90: =SUM(Q91:Q93) -> 3.1745732e+08 | R90: =O90/L90 -> 0.79027831
A91: C | B91: 4399 | C91: 1604 | D91: 9 | E91: 0 | F91: 4399054 | H91: 11 | I91: Nación | J91: CSF | K91: DOCUMENTOS DE PLANEACIÓN | L91: 1446921 | M91: =N91-L91 -> 0 | N91: 1446921 | O91: 1446921 | P91: 1446921 | Q91: 1446921 | R91: =O91/L91 -> 1
A92: C | B92: 4399 | C92: 1604 | D92: 9 | E92: 0 | F92: 4399058 | H92: 11 | K92: SERVICIO DE EDUCACIÓN INFORMAL PARA LA GESTIÓN ADMINISTRATIVA | L92: 56568500 | M92: =N92-L92 -> 0 | N92: 56568500 | O92: 14199883 | P92: 12253348 | Q92: 12253348 | R92: =O92/L92 -> 0.25102103
A93: C | B93: 4399 | C93: 1604 | D93: 9 | E93: 0 | F93: 4399061 | H93: 11 | I93: Nación | J93: CSF | K93: SERVICIOS DE INFORMACIÓN IMPLEMENTADOS | L93: 3.4615087e+08 | M93: =N93-L93 -> 0 | N93: 3.4615087e+08 | O93: 3.0375705e+08 | P93: 3.0375705e+08 | Q93: 3.0375705e+08 | R93: =O93/L93 -> 0.8775279
